Workbook

Sheet INSTRUCCIONES
C3: 1. COMPLETA LA CONFIGURACIÓN INICIAL EN LA PESTAÑA "COMENZAR AQUÍ" DEFINIENDO TUS TABLEROS Y LISTAS DESPLEGABLES, PROCEDE A LAS PESTAÑAS "LISTA DE INVENTARIO" Y "SEGUIMIENTO DE INVENTARIO".
N4: GUÍA DE PASOS
N6: 1. LISTA DE INVENTARIO
N8: 2. SEGUIMIENTO DE INVENTARIO
C40: CAMBIA TU MES/AÑO/DÍA DE INICIO Y SE ACTUALIZARÁ AUTOMÁTICAMENTE A OTRAS PESTAÑAS.
G51: TUS FECHAS DE ENTRADA / SALIDA SE DESTACARÁN EN EL CALENDARIO
C68: PERSONALIZA TUS LISTAS DE CATEGORÍA / ESTADO DE INVENTARIO / PROVEEDOR / ESTADO DE PEDIDO SEGÚN TUS NECESIDADES Y TODAS LAS LISTAS SERÁN TRANSFERIDAS A OTRAS PESTAÑAS POR SECCIONES.
C116: 2. PESTAÑA LISTA DE INVENTARIO
C216: GUIA
E220: #1 | F220: AÑADE TUS ITEMS AL INVENTARIO QUE QUIERES PEDIR
E235: #2 | F235: ELIGE UN PROVEEDOR AL QUE QUIERES HACER UN PEDIDO
E249: #3 | F249: AÑADE LA CANTIDAD QUE QUIERES PEDIR
B262: ! | C262: NOTA: LA COLUMNA "QTY EN STOCK" CONTIENE UNA FÓRMULA QUE ESTÁ DIRECTAMENTE CONECTADA A LA COLUMNA "ESTADO DEL PEDIDO" Y SE CALCULA AUTOMÁTICAMENTE.
A275: Volveremos a esto brevemente
E280: #4 | F280: AGREGAR EL COSTO DEL ITEM
B292: ! | C292: NOTA: LAS COLUMNAS "COSTO TOTAL" Y "VALOR DE INVENTARIO" CONTIENEN CIERTAS FÓRMULAS QUE SE CALCULAN AUTOMÁTICAMENTE
B294: COLUMNA "COSTO TOTAL" - SE BASA EN LAS COLUMNAS "CANTIDAD" Y "COSTO DEL ITEM". (COSTO DEL ITEM * CANTIDAD).
B295: COLUMNA "VALOR DE INVENTARIO" - SE BASA EN EL RESUMEN DE LA COLUMNA "COSTO TOTAL"
E306: #5 | F306: AGREGAR UNA FECHA DE ENTRADA DEL ITEM
A318: POR EJEMPLO, ESCRIBE "15/05/2023" Y PRESIONA EL BOTÓN "ENTER" PARA FIJAR UNA FECHA.
E323: #6 | F323: ELIGE UN ESTADO DE PEDIDO DE LAS LISTAS DESPLEGABLES.
B337: ! | C337: NOTA: LA COLUMNA "ESTADO DEL PEDIDO" SE REFLEJA EN LA COLUMNA "QTY EN STOCK".
B339: ESTADO DEL PEDIDO ENTREGADO: SIGNIFICA QUE YA HAS RECIBIDO ESTE ITEM. LA CANTIDAD DE ARTÍCULOS PEDIDOS SE AGREGARÁN A TU STOCK.
A341: ESTADO DE PEDIDO NO INICIADO/EN TRÁNSITO: SIGNIFICA QUE AÚN NO HAS RECIBIDO ESTE ITEM. LA CANTIDAD DE ITEMS PEDIDOS NO SE AGREGARÁN A TU STOCK.
B353: ! | C353: NOTA: LA COLUMNA "DÍAS RESTANTES" SE REFLEJA EN LA COLUMNA "FECHA DE ENTRADA" Y EL DÍA DE HOY.
C367: 3. PESTAÑA SEGUIMIENTO DE INVENTARIO
C426: GUÍA DE PASOS
E431: #1 | F431: ELIGE LOS ITEMS DE TU INVENTARIO QUE QUIERES VENDER.
E445: #2 | F445: ESCRIBE UN NÚMERO DE SERIE Y ELIGE UNA CATEGORÍA DE TU LISTA.
E460: #3 | F460: ESCRIBE LA CANTIDAD DE UN ITEM QUE QUIERES ENVIAR (VENDER).
B482: ! | C482: NOTA: LA COLUMNA "QTY EN STOCK" CONTIENE UNA FÓRMULA QUE ESTÁ DIRECTAMENTE CONECTADA A LA PESTAÑA "LISTA DE INVENTARIO" Y SE CALCULA AUTOMÁTICAMENTE.
C485: COLUMNA DE ESTADO AUTO GENERA TU INVENTARIO DE ESTADO COMO RECORDATORIO.
C487: BAJO EN STOCK - SI UN VALOR DE INVENTARIO ES MENOR DE 10
C489: EN STOCK - SI UN VALOR DE INVENTARIO ES MAYOR A 10
C491: AGOTADO - SI UN VALOR DE INVENTARIO ES IGUAL O MENOR A 0
C494: EL FORMATO CONDICIONAL FUNCIONA SÓLO CON LAS PALABRAS "BAJO EN STOCK", "EN STOCK", "AGOTADO". SI CAMBIAS LOS NOMBRES DE ESTADO, SE PERDERÁ EL FORMATO CONDICIONAL.
E498: #4 | F498: AGREGA UN PRECIO AL ITEM
B514: ! | C514: NOTA: LAS COLUMNAS "COSTO TOTAL" Y "GANANCIA" CONTIENEN CIERTAS FÓRMULAS QUE SE CALCULAN AUTOMÁTICAMENTE.
B516: "COLUMNA COSTO TOTAL" - SE BASA EN LAS COLUMNAS "CANTIDAD" Y "PRECIO DEL ITEM". (PRECIO DEL ITEM * CANTIDAD).
B517: COLUMNA "GANANCIA": EL INGRESO SE CALCULA DESDE EL MONTO TOTAL COMPRADO (PESTAÑA DE LISTA DE INVENTARIO) HASTA EL MONTO TOTAL VENDIDO POR ITEM (PESTAÑA DE SEGUIMIENTO DE INVENTARIO).
E535: #5 | F535: AGREGAR UNA FECHA DE SALIDA DEL ITEM
A551: POR EJEMPLO, ESCRIBE "15/05/2023" Y PRESIONA EL BOTÓN "ENTER" PARA FIJAR UNA FECHA.
B555: ! | C555: NOTA: LA COLUMNA "DÍAS RESTANTES" SE REFLEJA EN LA COLUMNA "FECHA DE SALIDA" Y EL DÍA DE HOY.
D573: #6 | E573: CUANDO VENDAS EL PRODUCTO, DALE CHECK AL RECUADRO Y EL TEXTO SERÁ TACHADO PARA MARCARLO COMO VENDIDO.

Sheet Formulas, No borrar
B2: Meses | E2: Año | G2: Día de la Semana | I2: Moneda
B3: Enero | C3: 1 | E3: 2022 | G3: Domingo | I3: $ | L3: FORMULAS NO EDITAR
B4: Febrero | C4: 2 | E4: 2023 | G4: Lunes | I4: £
B5: Marzo | C5: 3 | E5: 2024 | I5: € | O5: MES | P5: =VLOOKUP(O5,Config!B11:C11,2,0) -> Junio
B6: Abril | C6: 4 | E6: 2025 | I6: ¥ | O6: #MES | P6: =VLOOKUP(P5,B3:C14,2,0) -> 6
B7: Mayo | C7: 5 | I7: ₱ | O7: PRIMER DIA | P7: =DATE(Config!C13,P6,1) -> 45078
B8: Junio | C8: 6 | I8: zł | O8: ULTIMO DIA | P8: =EOMONTH(P7,0) -> 45107
B9: Julio | C9: 7 | I9: Bs. | L9: FORMULAS
B10: Agosto | C10: 8 | I10: R$ | L10: =IF(Config!C15="Lunes",P10:P16,O10:O16) -> Domingo | M10: =IF(Config!C15="Lunes",P10:P16,O10:O16) -> Domingo | O10: Domingo | P10: Lunes
B11: Septiembre | C11: 9 | I11: ₡ | L11: =IF(Config!C15="Lunes",P10:P16,O10:O16) -> Lunes | M11: =IF(Config!C15="Lunes",P10:P16,O10:O16) -> Lunes | O11: Lunes | P11: Martes
B12: Octubre | C12: 10 | I12: Q | L12: =IF(Config!C15="Lunes",P10:P16,O10:O16) -> Martes | M12: =IF(Config!C15="Lunes",P10:P16,O10:O16) -> Martes | O12: Martes | P12: Miércoles
B13: Noviembre | C13: 11 | I13: L | L13: =IF(Config!C15="Lunes",P10:P16,O10:O16) -> Miércoles | M13: =IF(Config!C15="Lunes",P10:P16,O10:O16) -> Miércoles | O13: Miércoles | P13: Jueves
B14: Diciembre | C14: 12 | I14: C$ | L14: =IF(Config!C15="Lunes",P10:P16,O10:O16) -> Jueves | M14: =IF(Config!C15="Lunes",P10:P16,O10:O16) -> Jueves | O14: Jueves | P14: Viernes
I15: ₲ | L15: =IF(Config!C15="Lunes",P10:P16,O10:O16) -> Viernes | M15: =IF(Config!C15="Lunes",P10:P16,O10:O16) -> Viernes | O15: Viernes | P15: Sábado
I16: B/. | L16: =IF(Config!C15="Lunes",P10:P16,O10:O16) -> Sábado | M16: =IF(Config!C15="Lunes",P10:P16,O10:O16) -> Sábado | O16: Sábado | P16: Domingo
I17: S/.
I18: Bs F | O18: =O10 -> Domingo | P18: =P10 -> Lunes
O19: =P7-WEEKDAY(P7) -> 45073 | P19: =P7-WEEKDAY(P7) -> 45073
L20: ='SEGUIMIENTO DE INVENTARIO'!M16 -> Pnte por Vender | M20: ='SEGUIMIENTO DE INVENTARIO'!O16 -> Vendido | O20: =O19+1 -> 45074 | P20: =P19+2 -> 45075
L21: ='SEGUIMIENTO DE INVENTARIO'!N16 -> 1684 | M21: ='SEGUIMIENTO DE INVENTARIO'!P16 -> 5104
O22: =IF(AND(DAY(O20)=1,F1="Monday"),TRUE,FALSE) -> FALSE | P22: =P20-7 -> 45068
O24: Día de Inicio: | P24: =DATE(Config!C13,P6,1)-WEEKDAY(DATE(Config!C13,P6,1))+IF(Config!C15="Lunes",2,1) -> 45074

Sheet Config
B2: CONFIGURACIÓN
B3: Ingresa las categorías, estado de inventario, proveedores y estado del pedido.
C4: Llena estos campos obligatorios
C5: Llena estos campos obligatorios en la tablas
B8: Información General | E8: Seguimiento de Inventario | I8: Lista de Inventario
E10: CATEGORÍA | G10: ESTADO DE INVENTARIO | I10: PROVEEDOR | K10: ESTADO DEL PEDIDO
B11: MES | C11: Junio | E11: ROPA | G11: AGOTADO | I11: Lux | K11: EN TRANSITO
E12: ZAPATOS | G12: EN STOCK | I12: Sucasa | K12: NO INICIADO
B13: AÑO | C13: 2023 | E13: ACCESORIOS | G13: BAJO EN STOCK | I13: Tolita | K13: ENTREGADO
E14: BELLEZA | I14: Lola
E15: TÉCNICA | I15: Shein
B16: TU MONEDA | C16: $ | E16: OTROS | I16: EXTRA 1
E17: EXTRA 1 | I17: EXTRA 2
E18: EXTRA 2 | I18: EXTRA 3
E19: EXTRA 3 | I19: EXTRA 4
E20: EXTRA 4 | I20: EXTRA 5
E21: EXTRA 5 | I21: EXTRA 6
E22: EXTRA 6 | I22: EXTRA 7
E23: EXTRA 7 | I23: EXTRA 8
E24: EXTRA 8 | I24: EXTRA 9

Sheet LISTA DE INVENTARIO
B2: LISTA DE INVENTARIO
B3: Edita aquí los ítems, cantidades, costo del item y las fechas de entrada.
D4: Llena estos campos obligatorios en la tabla
D5: Los campos en azul claro se llenan automáticamente (No modificarlos)
B8: =Config!C11 &" "&Config!C13 -> Junio 2023 | K8: ESTADO DEL PEDIDO
C9: L | D9: M | E9: M | F9: J | G9: V | H9: S | I9: D | K9: =Config!K11 -> EN TRANSITO | M9: =Config!K12 -> NO INICIADO | O9: =Config!K13 -> ENTREGADO
B10: S1 | C10: {=(DATE(Config!$C$13,'Formulas, No borrar'!$P$6,1)-WEEKDAY(DATE(Config!$C$13,'Formulas, No borrar'!$P$6,1),1)+1)+(COLUMN($C$10:$I$10)-COLUMN($C$10)+1)+((ROW($C$10:$C$15)-ROW($C$10))*7)} -> 45075 | D10: 45076 | E10: 45077 | F10: 45078 | G10: 45079 | H10: 45080 | I10: 45081 | K10: =COUNTIF(Q22:Q122,K9) -> 5 | L10: =IFERROR(COUNTIFS(Q22:Q122,K9)/COUNTIFS(Q22:Q122,"<>"),"") -> 0.41666667 | M10: =COUNTIF(Q22:Q122,M9) -> 4 | N10: =IFERROR(COUNTIFS(Q22:Q122,M9)/COUNTIFS(Q22:Q122,"<>"),"") -> 0.33333333 | O10: =COUNTIF(Q22:Q122,O9) -> 3 | P10: =IFERROR(COUNTIFS(Q22:Q122,O9)/COUNTIFS(Q22:Q122,"<>"),"") -> 0.25
B11: S2 | C11: 45082 | D11: 45083 | E11: 45084 | F11: 45085 | G11: 45086 | H11: 45087 | I11: 45088
B12: S3 | C12: 45089 | D12: 45090 | E12: 45091 | F12: 45092 | G12: 45093 | H12: 45094 | I12: 45095
B13: S4 | C13: 45096 | D13: 45097 | E13: 45098 | F13: 45099 | G13: 45100 | H13: 45101 | I13: 45102 | K13: ITEMS TOTALES | M13: VALOR DE INVENTARIO | O13: QTY TOTAL DE ITEMS | Q13: QTY ITEMS EN STOCK
B14: S5 | C14: 45103 | D14: 45104 | E14: 45105 | F14: 45106 | G14: 45107 | H14: 45108 | I14: 45109 | K14: =COUNTIF(C22:C252,"<>") -> 12 | M14: =SUM(N22:N252) -> 6458 | O14: =SUM(K22:K252) -> 470 | Q14: =SUMIFS(K22:K122,Q22:Q122,O9) -> 170
B15: S6 | C15: 45110 | D15: 45111 | E15: 45112 | F15: 45113 | G15: 45114 | H15: 45115 | I15: 45116
B17: FECHA: | C17: =TODAY() -> 45942
B18: 1 | C18: - | D18: FECHA
B19: 1 | C19: - | D19: FECHA DE ENTRADA
B21: # | C21: DESCRIPCIÓN DEL ITEM | J21: PROVEEDOR | K21: CANTIDAD | L21: QTY EN STOCK | M21: COSTO DEL ITEM | N21: COSTO TOTAL | O21: VALOR DEL INVENTARIO | P21: FECHA DE ENTRADA | Q21: ESTADO DEL PEDIDO | R21: DÍAS RESTANTES (<7) | S21: Notas
B22: 1 | C22: Vestido rojo | J22: Lola | K22: 100 | L22: =IF(ISBLANK(C22),"",IF(Q22=$O$9,SUMIFS('LISTA DE INVENTARIO'!$K$22:$K252,'LISTA DE INVENTARIO'!$C$22:$C252,C22,$Q$22:$Q252,$O$9)-SUMIFS('SEGUIMIENTO DE INVENTARIO'!$L$21:$L122,'SEGUIMIENTO DE INVENTARIO'!$C$21:$C122,C22),SUMIFS('LISTA DE INVENTARIO'!$K$22:$K252,'LISTA DE INVENTARIO'!$C$22:$C252,C22,$Q$22:$Q252,$O$9)-SUMIFS('SEGUIMIENTO DE INVENTARIO'!$L$21:$L122,'SEGUIMIENTO DE INVENTARIO'!$C$21:$C122,C22))) -> 10 | M22: 14 | N22: =IF(ISBLANK(C22)," ",K22*M22) -> 1400 | O22: =IF(ISBLANK(C22)," ",K22*M22) -> 1400 | P22: 45081 | Q22: ENTREGADO | R22: {=IF($P$22:$P$321<>"",IF(($P$22:$P$321-C17)<0,"✓",($P$22:$P$321-C17)),"")} -> ✓
B23: 2 | C23: Mochila roja | J23: Sucasa | K23: 20 | L23: =IF(ISBLANK(C23),"",IF(Q23=$O$9,SUMIFS('LISTA DE INVENTARIO'!$K$22:$K253,'LISTA DE INVENTARIO'!$C$22:$C253,C23,$Q$22:$Q253,$O$9)-SUMIFS('SEGUIMIENTO DE INVENTARIO'!$L$21:$L123,'SEGUIMIENTO DE INVENTARIO'!$C$21:$C123,C23),SUMIFS('LISTA DE INVENTARIO'!$K$22:$K253,'LISTA DE INVENTARIO'!$C$22:$C253,C23,$Q$22:$Q253,$O$9)-SUMIFS('SEGUIMIENTO DE INVENTARIO'!$L$21:$L123,'SEGUIMIENTO DE INVENTARIO'!$C$21:$C123,C23))) -> 17 | M23: 8 | N23: =IF(ISBLANK(C23)," ",K23*M23) -> 160 | O23: =IF(ISBLANK(C23)," ",K23*M23+O22) -> 1560 | P23: 45082 | Q23: ENTREGADO | R23: ✓
B24: 3 | C24: Falda turquesa | J24: Lola | K24: 45 | L24: =IF(ISBLANK(C24),"",IF(Q24=$O$9,SUMIFS('LISTA DE INVENTARIO'!$K$22:$K254,'LISTA DE INVENTARIO'!$C$22:$C254,C24,$Q$22:$Q254,$O$9)-SUMIFS('SEGUIMIENTO DE INVENTARIO'!$L$21:$L326,'SEGUIMIENTO DE INVENTARIO'!$C$21:$C326,C24),SUMIFS('LISTA DE INVENTARIO'!$K$22:$K254,'LISTA DE INVENTARIO'!$C$22:$C254,C24,$Q$22:$Q254,$O$9)-SUMIFS('SEGUIMIENTO DE INVENTARIO'!$L$21:$L326,'SEGUIMIENTO DE INVENTARIO'!$C$21:$C326,C24))) -> -15 | M24: 9 | N24: =IF(ISBLANK(C24)," ",K24*M24) -> 405 | O24: =IF(ISBLANK(C24)," ",K24*M24+O23) -> 1965 | P24: 45094 | Q24: EN TRANSITO | R24: ✓
B25: 4 | C25: Jeans de hombre | J25: Lux | K25: 50 | L25: =IF(ISBLANK(C25),"",IF(Q25=$O$9,SUMIFS('LISTA DE INVENTARIO'!$K$22:$K255,'LISTA DE INVENTARIO'!$C$22:$C255,C25,$Q$22:$Q255,$O$9)-SUMIFS('SEGUIMIENTO DE INVENTARIO'!$L$21:$L327,'SEGUIMIENTO DE INVENTARIO'!$C$21:$C327,C25),SUMIFS('LISTA DE INVENTARIO'!$K$22:$K255,'LISTA DE INVENTARIO'!$C$22:$C255,C25,$Q$22:$Q255,$O$9)-SUMIFS('SEGUIMIENTO DE INVENTARIO'!$L$21:$L327,'SEGUIMIENTO DE INVENTARIO'!$C$21:$C327,C25))) -> 7 | M25: 12 | N25: =IF(ISBLANK(C25)," ",K25*M25) -> 600 | O25: =IF(ISBLANK(C25)," ",K25*M25+O24) -> 2565 | P25: 45082 | Q25: ENTREGADO | R25: ✓
B26: 5 | C26: Jeans de mujer | J26: Lux | K26: 60 | L26: =IF(ISBLANK(C26),"",IF(Q26=$O$9,SUMIFS('LISTA DE INVENTARIO'!$K$22:$K256,'LISTA DE INVENTARIO'!$C$22:$C256,C26,$Q$22:$Q256,$O$9)-SUMIFS('SEGUIMIENTO DE INVENTARIO'!$L$21:$L328,'SEGUIMIENTO DE INVENTARIO'!$C$21:$C328,C26),SUMIFS('LISTA DE INVENTARIO'!$K$22:$K256,'LISTA DE INVENTARIO'!$C$22:$C256,C26,$Q$22:$Q256,$O$9)-SUMIFS('SEGUIMIENTO DE INVENTARIO'!$L$21:$L328,'SEGUIMIENTO DE INVENTARIO'!$C$21:$C328,C26))) -> 0 | M26: 14 | N26: =IF(ISBLANK(C26)," ",K26*M26) -> 840 | O26: =IF(ISBLANK(C26)," ",K26*M26+O25) -> 3405 | P26: 45088 | Q26: NO INICIADO | R26: ✓
B27: 6 | C27: Zapatos casuales hombre | J27: Tolita | K27: 50 | L27: =IF(ISBLANK(C27),"",IF(Q27=$O$9,SUMIFS('LISTA DE INVENTARIO'!$K$22:$K257,'LISTA DE INVENTARIO'!$C$22:$C257,C27,$Q$22:$Q257,$O$9)-SUMIFS('SEGUIMIENTO DE INVENTARIO'!$L$21:$L329,'SEGUIMIENTO DE INVENTARIO'!$C$21:$C329,C27),SUMIFS('LISTA DE INVENTARIO'!$K$22:$K257,'LISTA DE INVENTARIO'!$C$22:$C257,C27,$Q$22:$Q257,$O$9)-SUMIFS('SEGUIMIENTO DE INVENTARIO'!$L$21:$L329,'SEGUIMIENTO DE INVENTARIO'!$C$21:$C329,C27))) -> -2 | M27: 16 | N27: =IF(ISBLANK(C27)," ",K27*M27) -> 800 | O27: =IF(ISBLANK(C27)," ",K27*M27+O26) -> 4205 | P27: 45094 | Q27: EN TRANSITO | R27: ✓
B28: 7 | C28: Chaleco mostaza | J28: Shein | K28: 25 | L28: =IF(ISBLANK(C28),"",IF(Q28=$O$9,SUMIFS('LISTA DE INVENTARIO'!$K$22:$K258,'LISTA DE INVENTARIO'!$C$22:$C258,C28,$Q$22:$Q258,$O$9)-SUMIFS('SEGUIMIENTO DE INVENTARIO'!$L$21:$L330,'SEGUIMIENTO DE INVENTARIO'!$C$21:$C330,C28),SUMIFS('LISTA DE INVENTARIO'!$K$22:$K258,'LISTA DE INVENTARIO'!$C$22:$C258,C28,$Q$22:$Q258,$O$9)-SUMIFS('SEGUIMIENTO DE INVENTARIO'!$L$21:$L330,'SEGUIMIENTO DE INVENTARIO'!$C$21:$C330,C28))) -> -1 | M28: 9 | N28: =IF(ISBLANK(C28)," ",K28*M28) -> 225 | O28: =IF(ISBLANK(C28)," ",K28*M28+O27) -> 4430 | P28: 45095 | Q28: EN TRANSITO | R28: ✓
B29: 8 | C29: Blusa verde | J29: Shein | K29: 48 | L29: =IF(ISBLANK(C29),"",IF(Q29=$O$9,SUMIFS('LISTA DE INVENTARIO'!$K$22:$K259,'LISTA DE INVENTARIO'!$C$22:$C259,C29,$Q$22:$Q259,$O$9)-SUMIFS('SEGUIMIENTO DE INVENTARIO'!$L$21:$L331,'SEGUIMIENTO DE INVENTARIO'!$C$21:$C331,C29),SUMIFS('LISTA DE INVENTARIO'!$K$22:$K259,'LISTA DE INVENTARIO'!$C$22:$C259,C29,$Q$22:$Q259,$O$9)-SUMIFS('SEGUIMIENTO DE INVENTARIO'!$L$21:$L331,'SEGUIMIENTO DE INVENTARIO'!$C$21:$C331,C29))) -> -2 | M29: 15 | N29: =IF(ISBLANK(C29)," ",K29*M29) -> 720 | O29: =IF(ISBLANK(C29)," ",K29*M29+O28) -> 5150 | P29: 45095 | Q29: EN TRANSITO | R29: ✓
B30: 9 | C30: Aretes de perla | J30: Sucasa | K30: 18 | L30: =IF(ISBLANK(C30),"",IF(Q30=$O$9,SUMIFS('LISTA DE INVENTARIO'!$K$22:$K260,'LISTA DE INVENTARIO'!$C$22:$C260,C30,$Q$22:$Q260,$O$9)-SUMIFS('SEGUIMIENTO DE INVENTARIO'!$L$21:$L332,'SEGUIMIENTO DE INVENTARIO'!$C$21:$C332,C30),SUMIFS('LISTA DE INVENTARIO'!$K$22:$K260,'LISTA DE INVENTARIO'!$C$22:$C260,C30,$Q$22:$Q260,$O$9)-SUMIFS('SEGUIMIENTO DE INVENTARIO'!$L$21:$L332,'SEGUIMIENTO DE INVENTARIO'!$C$21:$C332,C30))) -> -7 | M30: 16 | N30: =IF(ISBLANK(C30)," ",K30*M30) -> 288 | O30: =IF(ISBLANK(C30)," ",K30*M30+O29) -> 5438 | P30: 45092 | Q30: NO INICIADO | R30: ✓
B31: 10 | C31: reloj azul sport hombre | J31: Lux | K31: 18 | L31: =IF(ISBLANK(C31),"",IF(Q31=$O$9,SUMIFS('LISTA DE INVENTARIO'!$K$22:$K261,'LISTA DE INVENTARIO'!$C$22:$C261,C31,$Q$22:$Q261,$O$9)-SUMIFS('SEGUIMIENTO DE INVENTARIO'!$L$21:$L333,'SEGUIMIENTO DE INVENTARIO'!$C$21:$C333,C31),SUMIFS('LISTA DE INVENTARIO'!$K$22:$K261,'LISTA DE INVENTARIO'!$C$22:$C261,C31,$Q$22:$Q261,$O$9)-SUMIFS('SEGUIMIENTO DE INVENTARIO'!$L$21:$L333,'SEGUIMIENTO DE INVENTARIO'!$C$21:$C333,C31))) -> -8 | M31: 16 | N31: =IF(ISBLANK(C31)," ",K31*M31) -> 288 | O31: =IF(ISBLANK(C31)," ",K31*M31+O30) -> 5726 | P31: 45095 | Q31: EN TRANSITO | R31: ✓
B32: 11 | C32: Crema de ojos | J32: Lux | K32: 20 | L32: =IF(ISBLANK(C32),"",IF(Q32=$O$9,SUMIFS('LISTA DE INVENTARIO'!$K$22:$K262,'LISTA DE INVENTARIO'!$C$22:$C262,C32,$Q$22:$Q262,$O$9)-SUMIFS('SEGUIMIENTO DE INVENTARIO'!$L$21:$L334,'SEGUIMIENTO DE INVENTARIO'!$C$21:$C334,C32),SUMIFS('LISTA DE INVENTARIO'!$K$22:$K262,'LISTA DE INVENTARIO'!$C$22:$C262,C32,$Q$22:$Q262,$O$9)-SUMIFS('SEGUIMIENTO DE INVENTARIO'!$L$21:$L334,'SEGUIMIENTO DE INVENTARIO'!$C$21:$C334,C32))) -> -1 | M32: 23 | N32: =IF(ISBLANK(C32)," ",K32*M32) -> 460 | O32: =IF(ISBLANK(C32)," ",K32*M32+O31) -> 6186 | P32: 45095 | Q32: NO INICIADO | R32: ✓
B33: 12 | C33: Billetera roja | J33: Sucasa | K33: 16 | L33: =IF(ISBLANK(C33),"",IF(Q33=$O$9,SUMIFS('LISTA DE INVENTARIO'!$K$22:$K263,'LISTA DE INVENTARIO'!$C$22:$C263,C33,$Q$22:$Q263,$O$9)-SUMIFS('SEGUIMIENTO DE INVENTARIO'!$L$21:$L335,'SEGUIMIENTO DE INVENTARIO'!$C$21:$C335,C33),SUMIFS('LISTA DE INVENTARIO'!$K$22:$K263,'LISTA DE INVENTARIO'!$C$22:$C263,C33,$Q$22:$Q263,$O$9)-SUMIFS('SEGUIMIENTO DE INVENTARIO'!$L$21:$L335,'SEGUIMIENTO DE INVENTARIO'!$C$21:$C335,C33))) -> 0 | M33: 17 | N33: =IF(ISBLANK(C33)," ",K33*M33) -> 272 | O33: =IF(ISBLANK(C33)," ",K33*M33+O32) -> 6458 | P33: 45095 | Q33: NO INICIADO | R33: ✓
B34: 13 | L34: =IF(ISBLANK(C34),"",IF(Q34=$O$9,SUMIFS('LISTA DE INVENTARIO'!$K$22:$K264,'LISTA DE INVENTARIO'!$C$22:$C264,C34,$Q$22:$Q264,$O$9)-SUMIFS('SEGUIMIENTO DE INVENTARIO'!$L$21:$L336,'SEGUIMIENTO DE INVENTARIO'!$C$21:$C336,C34),SUMIFS('LISTA DE INVENTARIO'!$K$22:$K264,'LISTA DE INVENTARIO'!$C$22:$C264,C34,$Q$22:$Q264,$O$9)-SUMIFS('SEGUIMIENTO DE INVENTARIO'!$L$21:$L336,'SEGUIMIENTO DE INVENTARIO'!$C$21:$C336,C34))) | N34: =IF(ISBLANK(C34)," ",K34*M34) | O34: =IF(ISBLANK(C34)," ",K34*M34+O33)
B35: 14 | L35: =IF(ISBLANK(C35),"",IF(Q35=$O$9,SUMIFS('LISTA DE INVENTARIO'!$K$22:$K265,'LISTA DE INVENTARIO'!$C$22:$C265,C35,$Q$22:$Q265,$O$9)-SUMIFS('SEGUIMIENTO DE INVENTARIO'!$L$21:$L337,'SEGUIMIENTO DE INVENTARIO'!$C$21:$C337,C35),SUMIFS('LISTA DE INVENTARIO'!$K$22:$K265,'LISTA DE INVENTARIO'!$C$22:$C265,C35,$Q$22:$Q265,$O$9)-SUMIFS('SEGUIMIENTO DE INVENTARIO'!$L$21:$L337,'SEGUIMIENTO DE INVENTARIO'!$C$21:$C337,C35))) | N35: =IF(ISBLANK(C35)," ",K35*M35) | O35: =IF(ISBLANK(C35)," ",K35*M35+O34)
B36: 15 | L36: =IF(ISBLANK(C36),"",IF(Q36=$O$9,SUMIFS('LISTA DE INVENTARIO'!$K$22:$K266,'LISTA DE INVENTARIO'!$C$22:$C266,C36,$Q$22:$Q266,$O$9)-SUMIFS('SEGUIMIENTO DE INVENTARIO'!$L$21:$L338,'SEGUIMIENTO DE INVENTARIO'!$C$21:$C338,C36),SUMIFS('LISTA DE INVENTARIO'!$K$22:$K266,'LISTA DE INVENTARIO'!$C$22:$C266,C36,$Q$22:$Q266,$O$9)-SUMIFS('SEGUIMIENTO DE INVENTARIO'!$L$21:$L338,'SEGUIMIENTO DE INVENTARIO'!$C$21:$C338,C36))) | N36: =IF(ISBLANK(C36)," ",K36*M36) | O36: =IF(ISBLANK(C36)," ",K36*M36+O35)
B37: 16 | L37: =IF(ISBLANK(C37),"",IF(Q37=$O$9,SUMIFS('LISTA DE INVENTARIO'!$K$22:$K267,'LISTA DE INVENTARIO'!$C$22:$C267,C37,$Q$22:$Q267,$O$9)-SUMIFS('SEGUIMIENTO DE INVENTARIO'!$L$21:$L339,'SEGUIMIENTO DE INVENTARIO'!$C$21:$C339,C37),SUMIFS('LISTA DE INVENTARIO'!$K$22:$K267,'LISTA DE INVENTARIO'!$C$22:$C267,C37,$Q$22:$Q267,$O$9)-SUMIFS('SEGUIMIENTO DE INVENTARIO'!$L$21:$L339,'SEGUIMIENTO DE INVENTARIO'!$C$21:$C339,C37))) | N37: =IF(ISBLANK(C37)," ",K37*M37) | O37: =IF(ISBLANK(C37)," ",K37*M37+O36)
B38: 17 | L38: =IF(ISBLANK(C38),"",IF(Q38=$O$9,SUMIFS('LISTA DE INVENTARIO'!$K$22:$K268,'LISTA DE INVENTARIO'!$C$22:$C268,C38,$Q$22:$Q268,$O$9)-SUMIFS('SEGUIMIENTO DE INVENTARIO'!$L$21:$L340,'SEGUIMIENTO DE INVENTARIO'!$C$21:$C340,C38),SUMIFS('LISTA DE INVENTARIO'!$K$22:$K268,'LISTA DE INVENTARIO'!$C$22:$C268,C38,$Q$22:$Q268,$O$9)-SUMIFS('SEGUIMIENTO DE INVENTARIO'!$L$21:$L340,'SEGUIMIENTO DE INVENTARIO'!$C$21:$C340,C38))) | N38: =IF(ISBLANK(C38)," ",K38*M38) | O38: =IF(ISBLANK(C38)," ",K38*M38+O37)
B39: 18 | L39: =IF(ISBLANK(C39),"",IF(Q39=$O$9,SUMIFS('LISTA DE INVENTARIO'!$K$22:$K269,'LISTA DE INVENTARIO'!$C$22:$C269,C39,$Q$22:$Q269,$O$9)-SUMIFS('SEGUIMIENTO DE INVENTARIO'!$L$21:$L341,'SEGUIMIENTO DE INVENTARIO'!$C$21:$C341,C39),SUMIFS('LISTA DE INVENTARIO'!$K$22:$K269,'LISTA DE INVENTARIO'!$C$22:$C269,C39,$Q$22:$Q269,$O$9)-SUMIFS('SEGUIMIENTO DE INVENTARIO'!$L$21:$L341,'SEGUIMIENTO DE INVENTARIO'!$C$21:$C341,C39))) | N39: =IF(ISBLANK(C39)," ",K39*M39) | O39: =IF(ISBLANK(C39)," ",K39*M39+O38)
B40: 19 | L40: =IF(ISBLANK(C40),"",IF(Q40=$O$9,SUMIFS('LISTA DE INVENTARIO'!$K$22:$K270,'LISTA DE INVENTARIO'!$C$22:$C270,C40,$Q$22:$Q270,$O$9)-SUMIFS('SEGUIMIENTO DE INVENTARIO'!$L$21:$L342,'SEGUIMIENTO DE INVENTARIO'!$C$21:$C342,C40),SUMIFS('LISTA DE INVENTARIO'!$K$22:$K270,'LISTA DE INVENTARIO'!$C$22:$C270,C40,$Q$22:$Q270,$O$9)-SUMIFS('SEGUIMIENTO DE INVENTARIO'!$L$21:$L342,'SEGUIMIENTO DE INVENTARIO'!$C$21:$C342,C40))) | N40: =IF(ISBLANK(C40)," ",K40*M40) | O40: =IF(ISBLANK(C40)," ",K40*M40+O39)
B41: 20 | L41: =IF(ISBLANK(C41),"",IF(Q41=$O$9,SUMIFS('LISTA DE INVENTARIO'!$K$22:$K271,'LISTA DE INVENTARIO'!$C$22:$C271,C41,$Q$22:$Q271,$O$9)-SUMIFS('SEGUIMIENTO DE INVENTARIO'!$L$21:$L343,'SEGUIMIENTO DE INVENTARIO'!$C$21:$C343,C41),SUMIFS('LISTA DE INVENTARIO'!$K$22:$K271,'LISTA DE INVENTARIO'!$C$22:$C271,C41,$Q$22:$Q271,$O$9)-SUMIFS('SEGUIMIENTO DE INVENTARIO'!$L$21:$L343,'SEGUIMIENTO DE INVENTARIO'!$C$21:$C343,C41))) | N41: =IF(ISBLANK(C41)," ",K41*M41) | O41: =IF(ISBLANK(C41)," ",K41*M41+O40)
B42: 21 | L42: =IF(ISBLANK(C42),"",IF(Q42=$O$9,SUMIFS('LISTA DE INVENTARIO'!$K$22:$K272,'LISTA DE INVENTARIO'!$C$22:$C272,C42,$Q$22:$Q272,$O$9)-SUMIFS('SEGUIMIENTO DE INVENTARIO'!$L$21:$L344,'SEGUIMIENTO DE INVENTARIO'!$C$21:$C344,C42),SUMIFS('LISTA DE INVENTARIO'!$K$22:$K272,'LISTA DE INVENTARIO'!$C$22:$C272,C42,$Q$22:$Q272,$O$9)-SUMIFS('SEGUIMIENTO DE INVENTARIO'!$L$21:$L344,'SEGUIMIENTO DE INVENTARIO'!$C$21:$C344,C42))) | N42: =IF(ISBLANK(C42)," ",K42*M42) | O42: =IF(ISBLANK(C42)," ",K42*M42+O41)
B43: 22 | L43: =IF(ISBLANK(C43),"",IF(Q43=$O$9,SUMIFS('LISTA DE INVENTARIO'!$K$22:$K273,'LISTA DE INVENTARIO'!$C$22:$C273,C43,$Q$22:$Q273,$O$9)-SUMIFS('SEGUIMIENTO DE INVENTARIO'!$L$21:$L345,'SEGUIMIENTO DE INVENTARIO'!$C$21:$C345,C43),SUMIFS('LISTA DE INVENTARIO'!$K$22:$K273,'LISTA DE INVENTARIO'!$C$22:$C273,C43,$Q$22:$Q273,$O$9)-SUMIFS('SEGUIMIENTO DE INVENTARIO'!$L$21:$L345,'SEGUIMIENTO DE INVENTARIO'!$C$21:$C345,C43))) | N43: =IF(ISBLANK(C43)," ",K43*M43) | O43: =IF(ISBLANK(C43)," ",K43*M43+O42)
B44: 23 | L44: =IF(ISBLANK(C44),"",IF(Q44=$O$9,SUMIFS('LISTA DE INVENTARIO'!$K$22:$K274,'LISTA DE INVENTARIO'!$C$22:$C274,C44,$Q$22:$Q274,$O$9)-SUMIFS('SEGUIMIENTO DE INVENTARIO'!$L$21:$L346,'SEGUIMIENTO DE INVENTARIO'!$C$21:$C346,C44),SUMIFS('LISTA DE INVENTARIO'!$K$22:$K274,'LISTA DE INVENTARIO'!$C$22:$C274,C44,$Q$22:$Q274,$O$9)-SUMIFS('SEGUIMIENTO DE INVENTARIO'!$L$21:$L346,'SEGUIMIENTO DE INVENTARIO'!$C$21:$C346,C44))) | N44: =IF(ISBLANK(C44)," ",K44*M44) | O44: =IF(ISBLANK(C44)," ",K44*M44+O43)
B45: 24 | L45: =IF(ISBLANK(C45),"",IF(Q45=$O$9,SUMIFS('LISTA DE INVENTARIO'!$K$22:$K275,'LISTA DE INVENTARIO'!$C$22:$C275,C45,$Q$22:$Q275,$O$9)-SUMIFS('SEGUIMIENTO DE INVENTARIO'!$L$21:$L347,'SEGUIMIENTO DE INVENTARIO'!$C$21:$C347,C45),SUMIFS('LISTA DE INVENTARIO'!$K$22:$K275,'LISTA DE INVENTARIO'!$C$22:$C275,C45,$Q$22:$Q275,$O$9)-SUMIFS('SEGUIMIENTO DE INVENTARIO'!$L$21:$L347,'SEGUIMIENTO DE INVENTARIO'!$C$21:$C347,C45))) | N45: =IF(ISBLANK(C45)," ",K45*M45) | O45: =IF(ISBLANK(C45)," ",K45*M45+O44)
... B91: 70 | L91: =IF(ISBLANK(C91),"",IF(Q91=$O$9,SUMIFS('LISTA DE INVENTARIO'!$K$22:$K321,'LISTA DE INVENTARIO'!$C$22:$C321,C91,$Q$22:$Q321,$O$9)-SUMIFS('SEGUIMIENTO DE INVENTARIO'!$L$21:$L393,'SEGUIMIENTO DE INVENTARIO'!$C$21:$C393,C91),SUMIFS('LISTA DE INVENTARIO'!$K$22:$K321,'LISTA DE INVENTARIO'!$C$22:$C321,C91,$Q$22:$Q321,$O$9)-SUMIFS('SEGUIMIENTO DE INVENTARIO'!$L$21:$L393,'SEGUIMIENTO DE INVENTARIO'!$C$21:$C393,C91))) | N91: =IF(ISBLANK(C91)," ",K91*M91) | O91: =IF(ISBLANK(C91)," ",K91*M91+O90)
B92: 71 | L92: =IF(ISBLANK(C92),"",IF(Q92=$O$9,SUMIFS('LISTA DE INVENTARIO'!$K$22:$K321,'LISTA DE INVENTARIO'!$C$22:$C321,C92,$Q$22:$Q321,$O$9)-SUMIFS('SEGUIMIENTO DE INVENTARIO'!$L$21:$L394,'SEGUIMIENTO DE INVENTARIO'!$C$21:$C394,C92),SUMIFS('LISTA DE INVENTARIO'!$K$22:$K321,'LISTA DE INVENTARIO'!$C$22:$C321,C92,$Q$22:$Q321,$O$9)-SUMIFS('SEGUIMIENTO DE INVENTARIO'!$L$21:$L394,'SEGUIMIENTO DE INVENTARIO'!$C$21:$C394,C92))) | N92: =IF(ISBLANK(C92)," ",K92*M92) | O92: =IF(ISBLANK(C92)," ",K92*M92+O91)
B93: 72 | L93: =IF(ISBLANK(C93),"",IF(Q93=$O$9,SUMIFS('LISTA DE INVENTARIO'!$K$22:$K321,'LISTA DE INVENTARIO'!$C$22:$C321,C93,$Q$22:$Q321,$O$9)-SUMIFS('SEGUIMIENTO DE INVENTARIO'!$L$21:$L395,'SEGUIMIENTO DE INVENTARIO'!$C$21:$C395,C93),SUMIFS('LISTA DE INVENTARIO'!$K$22:$K321,'LISTA DE INVENTARIO'!$C$22:$C321,C93,$Q$22:$Q321,$O$9)-SUMIFS('SEGUIMIENTO DE INVENTARIO'!$L$21:$L395,'SEGUIMIENTO DE INVENTARIO'!$C$21:$C395,C93))) | N93: =IF(ISBLANK(C93)," ",K93*M93) | O93: =IF(ISBLANK(C93)," ",K93*M93+O92)
B94: 73 | L94: =IF(ISBLANK(C94),"",IF(Q94=$O$9,SUMIFS('LISTA DE INVENTARIO'!$K$22:$K321,'LISTA DE INVENTARIO'!$C$22:$C321,C94,$Q$22:$Q321,$O$9)-SUMIFS('SEGUIMIENTO DE INVENTARIO'!$L$21:$L396,'SEGUIMIENTO DE INVENTARIO'!$C$21:$C396,C94),SUMIFS('LISTA DE INVENTARIO'!$K$22:$K321,'LISTA DE INVENTARIO'!$C$22:$C321,C94,$Q$22:$Q321,$O$9)-SUMIFS('SEGUIMIENTO DE INVENTARIO'!$L$21:$L396,'SEGUIMIENTO DE INVENTARIO'!$C$21:$C396,C94))) | N94: =IF(ISBLANK(C94)," ",K94*M94) | O94: =IF(ISBLANK(C94)," ",K94*M94+O93)
B95: 74 | L95: =IF(ISBLANK(C95),"",IF(Q95=$O$9,SUMIFS('LISTA DE INVENTARIO'!$K$22:$K321,'LISTA DE INVENTARIO'!$C$22:$C321,C95,$Q$22:$Q321,$O$9)-SUMIFS('SEGUIMIENTO DE INVENTARIO'!$L$21:$L397,'SEGUIMIENTO DE INVENTARIO'!$C$21:$C397,C95),SUMIFS('LISTA DE INVENTARIO'!$K$22:$K321,'LISTA DE INVENTARIO'!$C$22:$C321,C95,$Q$22:$Q321,$O$9)-SUMIFS('SEGUIMIENTO DE INVENTARIO'!$L$21:$L397,'SEGUIMIENTO DE INVENTARIO'!$C$21:$C397,C95))) | N95: =IF(ISBLANK(C95)," ",K95*M95) | O95: =IF(ISBLANK(C95)," ",K95*M95+O94)
B96: 75 | L96: =IF(ISBLANK(C96),"",IF(Q96=$O$9,SUMIFS('LISTA DE INVENTARIO'!$K$22:$K321,'LISTA DE INVENTARIO'!$C$22:$C321,C96,$Q$22:$Q321,$O$9)-SUMIFS('SEGUIMIENTO DE INVENTARIO'!$L$21:$L398,'SEGUIMIENTO DE INVENTARIO'!$C$21:$C398,C96),SUMIFS('LISTA DE INVENTARIO'!$K$22:$K321,'LISTA DE INVENTARIO'!$C$22:$C321,C96,$Q$22:$Q321,$O$9)-SUMIFS('SEGUIMIENTO DE INVENTARIO'!$L$21:$L398,'SEGUIMIENTO DE INVENTARIO'!$C$21:$C398,C96))) | N96: =IF(ISBLANK(C96)," ",K96*M96) | O96: =IF(ISBLANK(C96)," ",K96*M96+O95)
B97: 76 | L97: =IF(ISBLANK(C97),"",IF(Q97=$O$9,SUMIFS('LISTA DE INVENTARIO'!$K$22:$K321,'LISTA DE INVENTARIO'!$C$22:$C321,C97,$Q$22:$Q321,$O$9)-SUMIFS('SEGUIMIENTO DE INVENTARIO'!$L$21:$L399,'SEGUIMIENTO DE INVENTARIO'!$C$21:$C399,C97),SUMIFS('LISTA DE INVENTARIO'!$K$22:$K321,'LISTA DE INVENTARIO'!$C$22:$C321,C97,$Q$22:$Q321,$O$9)-SUMIFS('SEGUIMIENTO DE INVENTARIO'!$L$21:$L399,'SEGUIMIENTO DE INVENTARIO'!$C$21:$C399,C97))) | N97: =IF(ISBLANK(C97)," ",K97*M97) | O97: =IF(ISBLANK(C97)," ",K97*M97+O96)
B98: 77 | L98: =IF(ISBLANK(C98),"",IF(Q98=$O$9,SUMIFS('LISTA DE INVENTARIO'!$K$22:$K321,'LISTA DE INVENTARIO'!$C$22:$C321,C98,$Q$22:$Q321,$O$9)-SUMIFS('SEGUIMIENTO DE INVENTARIO'!$L$21:$L400,'SEGUIMIENTO DE INVENTARIO'!$C$21:$C400,C98),SUMIFS('LISTA DE INVENTARIO'!$K$22:$K321,'LISTA DE INVENTARIO'!$C$22:$C321,C98,$Q$22:$Q321,$O$9)-SUMIFS('SEGUIMIENTO DE INVENTARIO'!$L$21:$L400,'SEGUIMIENTO DE INVENTARIO'!$C$21:$C400,C98))) | N98: =IF(ISBLANK(C98)," ",K98*M98) | O98: =IF(ISBLANK(C98)," ",K98*M98+O97)
B99: 78 | L99: =IF(ISBLANK(C99),"",IF(Q99=$O$9,SUMIFS('LISTA DE INVENTARIO'!$K$22:$K321,'LISTA DE INVENTARIO'!$C$22:$C321,C99,$Q$22:$Q321,$O$9)-SUMIFS('SEGUIMIENTO DE INVENTARIO'!$L$21:$L401,'SEGUIMIENTO DE INVENTARIO'!$C$21:$C401,C99),SUMIFS('LISTA DE INVENTARIO'!$K$22:$K321,'LISTA DE INVENTARIO'!$C$22:$C321,C99,$Q$22:$Q321,$O$9)-SUMIFS('SEGUIMIENTO DE INVENTARIO'!$L$21:$L401,'SEGUIMIENTO DE INVENTARIO'!$C$21:$C401,C99))) | N99: =IF(ISBLANK(C99)," ",K99*M99) | O99: =IF(ISBLANK(C99)," ",K99*M99+O98)
B100: 79 | L100: =IF(ISBLANK(C100),"",IF(Q100=$O$9,SUMIFS('LISTA DE INVENTARIO'!$K$22:$K321,'LISTA DE INVENTARIO'!$C$22:$C321,C100,$Q$22:$Q321,$O$9)-SUMIFS('SEGUIMIENTO DE INVENTARIO'!$L$21:$L402,'SEGUIMIENTO DE INVENTARIO'!$C$21:$C402,C100),SUMIFS('LISTA DE INVENTARIO'!$K$22:$K321,'LISTA DE INVENTARIO'!$C$22:$C321,C100,$Q$22:$Q321,$O$9)-SUMIFS('SEGUIMIENTO DE INVENTARIO'!$L$21:$L402,'SEGUIMIENTO DE INVENTARIO'!$C$21:$C402,C100))) | N100: =IF(ISBLANK(C100)," ",K100*M100) | O100: =IF(ISBLANK(C100)," ",K100*M100+O99)
B101: 80 | L101: =IF(ISBLANK(C101),"",IF(Q101=$O$9,SUMIFS('LISTA DE INVENTARIO'!$K$22:$K321,'LISTA DE INVENTARIO'!$C$22:$C321,C101,$Q$22:$Q321,$O$9)-SUMIFS('SEGUIMIENTO DE INVENTARIO'!$L$21:$L403,'SEGUIMIENTO DE INVENTARIO'!$C$21:$C403,C101),SUMIFS('LISTA DE INVENTARIO'!$K$22:$K321,'LISTA DE INVENTARIO'!$C$22:$C321,C101,$Q$22:$Q321,$O$9)-SUMIFS('SEGUIMIENTO DE INVENTARIO'!$L$21:$L403,'SEGUIMIENTO DE INVENTARIO'!$C$21:$C403,C101))) | N101: =IF(ISBLANK(C101)," ",K101*M101) | O101: =IF(ISBLANK(C101)," ",K101*M101+O100)
B102: 81 | L102: =IF(ISBLANK(C102),"",IF(Q102=$O$9,SUMIFS('LISTA DE INVENTARIO'!$K$22:$K321,'LISTA DE INVENTARIO'!$C$22:$C321,C102,$Q$22:$Q321,$O$9)-SUMIFS('SEGUIMIENTO DE INVENTARIO'!$L$21:$L404,'SEGUIMIENTO DE INVENTARIO'!$C$21:$C404,C102),SUMIFS('LISTA DE INVENTARIO'!$K$22:$K321,'LISTA DE INVENTARIO'!$C$22:$C321,C102,$Q$22:$Q321,$O$9)-SUMIFS('SEGUIMIENTO DE INVENTARIO'!$L$21:$L404,'SEGUIMIENTO DE INVENTARIO'!$C$21:$C404,C102))) | N102: =IF(ISBLANK(C102)," ",K102*M102) | O102: =IF(ISBLANK(C102)," ",K102*M102+O101)
B103: 82 | L103: =IF(ISBLANK(C103),"",IF(Q103=$O$9,SUMIFS('LISTA DE INVENTARIO'!$K$22:$K321,'LISTA DE INVENTARIO'!$C$22:$C321,C103,$Q$22:$Q321,$O$9)-SUMIFS('SEGUIMIENTO DE INVENTARIO'!$L$21:$L405,'SEGUIMIENTO DE INVENTARIO'!$C$21:$C405,C103),SUMIFS('LISTA DE INVENTARIO'!$K$22:$K321,'LISTA DE INVENTARIO'!$C$22:$C321,C103,$Q$22:$Q321,$O$9)-SUMIFS('SEGUIMIENTO DE INVENTARIO'!$L$21:$L405,'SEGUIMIENTO DE INVENTARIO'!$C$21:$C405,C103))) | N103: =IF(ISBLANK(C103)," ",K103*M103) | O103: =IF(ISBLANK(C103)," ",K103*M103+O102)
B104: 83 | L104: =IF(ISBLANK(C104),"",IF(Q104=$O$9,SUMIFS('LISTA DE INVENTARIO'!$K$22:$K321,'LISTA DE INVENTARIO'!$C$22:$C321,C104,$Q$22:$Q321,$O$9)-SUMIFS('SEGUIMIENTO DE INVENTARIO'!$L$21:$L406,'SEGUIMIENTO DE INVENTARIO'!$C$21:$C406,C104),SUMIFS('LISTA DE INVENTARIO'!$K$22:$K321,'LISTA DE INVENTARIO'!$C$22:$C321,C104,$Q$22:$Q321,$O$9)-SUMIFS('SEGUIMIENTO DE INVENTARIO'!$L$21:$L406,'SEGUIMIENTO DE INVENTARIO'!$C$21:$C406,C104))) | N104: =IF(ISBLANK(C104)," ",K104*M104) | O104: =IF(ISBLANK(C104)," ",K104*M104+O103)
B105: 84 | L105: =IF(ISBLANK(C105),"",IF(Q105=$O$9,SUMIFS('LISTA DE INVENTARIO'!$K$22:$K321,'LISTA DE INVENTARIO'!$C$22:$C321,C105,$Q$22:$Q321,$O$9)-SUMIFS('SEGUIMIENTO DE INVENTARIO'!$L$21:$L407,'SEGUIMIENTO DE INVENTARIO'!$C$21:$C407,C105),SUMIFS('LISTA DE INVENTARIO'!$K$22:$K321,'LISTA DE INVENTARIO'!$C$22:$C321,C105,$Q$22:$Q321,$O$9)-SUMIFS('SEGUIMIENTO DE INVENTARIO'!$L$21:$L407,'SEGUIMIENTO DE INVENTARIO'!$C$21:$C407,C105))) | N105: =IF(ISBLANK(C105)," ",K105*M105) | O105: =IF(ISBLANK(C105)," ",K105*M105+O104)
B106: 85 | L106: =IF(ISBLANK(C106),"",IF(Q106=$O$9,SUMIFS('LISTA DE INVENTARIO'!$K$22:$K321,'LISTA DE INVENTARIO'!$C$22:$C321,C106,$Q$22:$Q321,$O$9)-SUMIFS('SEGUIMIENTO DE INVENTARIO'!$L$21:$L408,'SEGUIMIENTO DE INVENTARIO'!$C$21:$C408,C106),SUMIFS('LISTA DE INVENTARIO'!$K$22:$K321,'LISTA DE INVENTARIO'!$C$22:$C321,C106,$Q$22:$Q321,$O$9)-SUMIFS('SEGUIMIENTO DE INVENTARIO'!$L$21:$L408,'SEGUIMIENTO DE INVENTARIO'!$C$21:$C408,C106))) | N106: =IF(ISBLANK(C106)," ",K106*M106) | O106: =IF(ISBLANK(C106)," ",K106*M106+O105)
B107: 86 | L107: =IF(ISBLANK(C107),"",IF(Q107=$O$9,SUMIFS('LISTA DE INVENTARIO'!$K$22:$K321,'LISTA DE INVENTARIO'!$C$22:$C321,C107,$Q$22:$Q321,$O$9)-SUMIFS('SEGUIMIENTO DE INVENTARIO'!$L$21:$L409,'SEGUIMIENTO DE INVENTARIO'!$C$21:$C409,C107),SUMIFS('LISTA DE INVENTARIO'!$K$22:$K321,'LISTA DE INVENTARIO'!$C$22:$C321,C107,$Q$22:$Q321,$O$9)-SUMIFS('SEGUIMIENTO DE INVENTARIO'!$L$21:$L409,'SEGUIMIENTO DE INVENTARIO'!$C$21:$C409,C107))) | N107: =IF(ISBLANK(C107)," ",K107*M107) | O107: =IF(ISBLANK(C107)," ",K107*M107+O106)
B108: 87 | L108: =IF(ISBLANK(C108),"",IF(Q108=$O$9,SUMIFS('LISTA DE INVENTARIO'!$K$22:$K321,'LISTA DE INVENTARIO'!$C$22:$C321,C108,$Q$22:$Q321,$O$9)-SUMIFS('SEGUIMIENTO DE INVENTARIO'!$L$21:$L410,'SEGUIMIENTO DE INVENTARIO'!$C$21:$C410,C108),SUMIFS('LISTA DE INVENTARIO'!$K$22:$K321,'LISTA DE INVENTARIO'!$C$22:$C321,C108,$Q$22:$Q321,$O$9)-SUMIFS('SEGUIMIENTO DE INVENTARIO'!$L$21:$L410,'SEGUIMIENTO DE INVENTARIO'!$C$21:$C410,C108))) | N108: =IF(ISBLANK(C108)," ",K108*M108) | O108: =IF(ISBLANK(C108)," ",K108*M108+O107)
B109: 88 | L109: =IF(ISBLANK(C109),"",IF(Q109=$O$9,SUMIFS('LISTA DE INVENTARIO'!$K$22:$K321,'LISTA DE INVENTARIO'!$C$22:$C321,C109,$Q$22:$Q321,$O$9)-SUMIFS('SEGUIMIENTO DE INVENTARIO'!$L$21:$L411,'SEGUIMIENTO DE INVENTARIO'!$C$21:$C411,C109),SUMIFS('LISTA DE INVENTARIO'!$K$22:$K321,'LISTA DE INVENTARIO'!$C$22:$C321,C109,$Q$22:$Q321,$O$9)-SUMIFS('SEGUIMIENTO DE INVENTARIO'!$L$21:$L411,'SEGUIMIENTO DE INVENTARIO'!$C$21:$C411,C109))) | N109: =IF(ISBLANK(C109)," ",K109*M109) | O109: =IF(ISBLANK(C109)," ",K109*M109+O108)
B110: 89 | L110: =IF(ISBLANK(C110),"",IF(Q110=$O$9,SUMIFS('LISTA DE INVENTARIO'!$K$22:$K321,'LISTA DE INVENTARIO'!$C$22:$C321,C110,$Q$22:$Q321,$O$9)-SUMIFS('SEGUIMIENTO DE INVENTARIO'!$L$21:$L412,'SEGUIMIENTO DE INVENTARIO'!$C$21:$C412,C110),SUMIFS('LISTA DE INVENTARIO'!$K$22:$K321,'LISTA DE INVENTARIO'!$C$22:$C321,C110,$Q$22:$Q321,$O$9)-SUMIFS('SEGUIMIENTO DE INVENTARIO'!$L$21:$L412,'SEGUIMIENTO DE INVENTARIO'!$C$21:$C412,C110))) | N110: =IF(ISBLANK(C110)," ",K110*M110) | O110: =IF(ISBLANK(C110)," ",K110*M110+O109)
B111: 90 | L111: =IF(ISBLANK(C111),"",IF(Q111=$O$9,SUMIFS('LISTA DE INVENTARIO'!$K$22:$K321,'LISTA DE INVENTARIO'!$C$22:$C321,C111,$Q$22:$Q321,$O$9)-SUMIFS('SEGUIMIENTO DE INVENTARIO'!$L$21:$L413,'SEGUIMIENTO DE INVENTARIO'!$C$21:$C413,C111),SUMIFS('LISTA DE INVENTARIO'!$K$22:$K321,'LISTA DE INVENTARIO'!$C$22:$C321,C111,$Q$22:$Q321,$O$9)-SUMIFS('SEGUIMIENTO DE INVENTARIO'!$L$21:$L413,'SEGUIMIENTO DE INVENTARIO'!$C$21:$C413,C111))) | N111: =IF(ISBLANK(C111)," ",K111*M111) | O111: =IF(ISBLANK(C111)," ",K111*M111+O110)
B112: 91 | L112: =IF(ISBLANK(C112),"",IF(Q112=$O$9,SUMIFS('LISTA DE INVENTARIO'!$K$22:$K321,'LISTA DE INVENTARIO'!$C$22:$C321,C112,$Q$22:$Q321,$O$9)-SUMIFS('SEGUIMIENTO DE INVENTARIO'!$L$21:$L414,'SEGUIMIENTO DE INVENTARIO'!$C$21:$C414,C112),SUMIFS('LISTA DE INVENTARIO'!$K$22:$K321,'LISTA DE INVENTARIO'!$C$22:$C321,C112,$Q$22:$Q321,$O$9)-SUMIFS('SEGUIMIENTO DE INVENTARIO'!$L$21:$L414,'SEGUIMIENTO DE INVENTARIO'!$C$21:$C414,C112))) | N112: =IF(ISBLANK(C112)," ",K112*M112) | O112: =IF(ISBLANK(C112)," ",K112*M112+O111)
B113: 92 | L113: =IF(ISBLANK(C113),"",IF(Q113=$O$9,SUMIFS('LISTA DE INVENTARIO'!$K$22:$K321,'LISTA DE INVENTARIO'!$C$22:$C321,C113,$Q$22:$Q321,$O$9)-SUMIFS('SEGUIMIENTO DE INVENTARIO'!$L$21:$L415,'SEGUIMIENTO DE INVENTARIO'!$C$21:$C415,C113),SUMIFS('LISTA DE INVENTARIO'!$K$22:$K321,'LISTA DE INVENTARIO'!$C$22:$C321,C113,$Q$22:$Q321,$O$9)-SUMIFS('SEGUIMIENTO DE INVENTARIO'!$L$21:$L415,'SEGUIMIENTO DE INVENTARIO'!$C$21:$C415,C113))) | N113: =IF(ISBLANK(C113)," ",K113*M113) | O113: =IF(ISBLANK(C113)," ",K113*M113+O112)
B114: 93 | L114: =IF(ISBLANK(C114),"",IF(Q114=$O$9,SUMIFS('LISTA DE INVENTARIO'!$K$22:$K321,'LISTA DE INVENTARIO'!$C$22:$C321,C114,$Q$22:$Q321,$O$9)-SUMIFS('SEGUIMIENTO DE INVENTARIO'!$L$21:$L416,'SEGUIMIENTO DE INVENTARIO'!$C$21:$C416,C114),SUMIFS('LISTA DE INVENTARIO'!$K$22:$K321,'LISTA DE INVENTARIO'!$C$22:$C321,C114,$Q$22:$Q321,$O$9)-SUMIFS('SEGUIMIENTO DE INVENTARIO'!$L$21:$L416,'SEGUIMIENTO DE INVENTARIO'!$C$21:$C416,C114))) | N114: =IF(ISBLANK(C114)," ",K114*M114) | O114: =IF(ISBLANK(C114)," ",K114*M114+O113)
B115: 94 | L115: =IF(ISBLANK(C115),"",IF(Q115=$O$9,SUMIFS('LISTA DE INVENTARIO'!$K$22:$K321,'LISTA DE INVENTARIO'!$C$22:$C321,C115,$Q$22:$Q321,$O$9)-SUMIFS('SEGUIMIENTO DE INVENTARIO'!$L$21:$L417,'SEGUIMIENTO DE INVENTARIO'!$C$21:$C417,C115),SUMIFS('LISTA DE INVENTARIO'!$K$22:$K321,'LISTA DE INVENTARIO'!$C$22:$C321,C115,$Q$22:$Q321,$O$9)-SUMIFS('SEGUIMIENTO DE INVENTARIO'!$L$21:$L417,'SEGUIMIENTO DE INVENTARIO'!$C$21:$C417,C115))) | N115: =IF(ISBLANK(C115)," ",K115*M115) | O115: =IF(ISBLANK(C115)," ",K115*M115+O114)
B116: 95 | L116: =IF(ISBLANK(C116),"",IF(Q116=$O$9,SUMIFS('LISTA DE INVENTARIO'!$K$22:$K321,'LISTA DE INVENTARIO'!$C$22:$C321,C116,$Q$22:$Q321,$O$9)-SUMIFS('SEGUIMIENTO DE INVENTARIO'!$L$21:$L418,'SEGUIMIENTO DE INVENTARIO'!$C$21:$C418,C116),SUMIFS('LISTA DE INVENTARIO'!$K$22:$K321,'LISTA DE INVENTARIO'!$C$22:$C321,C116,$Q$22:$Q321,$O$9)-SUMIFS('SEGUIMIENTO DE INVENTARIO'!$L$21:$L418,'SEGUIMIENTO DE INVENTARIO'!$C$21:$C418,C116))) | N116: =IF(ISBLANK(C116)," ",K116*M116) | O116: =IF(ISBLANK(C116)," ",K116*M116+O115)
B117: 96 | L117: =IF(ISBLANK(C117),"",IF(Q117=$O$9,SUMIFS('LISTA DE INVENTARIO'!$K$22:$K321,'LISTA DE INVENTARIO'!$C$22:$C321,C117,$Q$22:$Q321,$O$9)-SUMIFS('SEGUIMIENTO DE INVENTARIO'!$L$21:$L419,'SEGUIMIENTO DE INVENTARIO'!$C$21:$C419,C117),SUMIFS('LISTA DE INVENTARIO'!$K$22:$K321,'LISTA DE INVENTARIO'!$C$22:$C321,C117,$Q$22:$Q321,$O$9)-SUMIFS('SEGUIMIENTO DE INVENTARIO'!$L$21:$L419,'SEGUIMIENTO DE INVENTARIO'!$C$21:$C419,C117))) | N117: =IF(ISBLANK(C117)," ",K117*M117) | O117: =IF(ISBLANK(C117)," ",K117*M117+O116)
B118: 97 | L118: =IF(ISBLANK(C118),"",IF(Q118=$O$9,SUMIFS('LISTA DE INVENTARIO'!$K$22:$K321,'LISTA DE INVENTARIO'!$C$22:$C321,C118,$Q$22:$Q321,$O$9)-SUMIFS('SEGUIMIENTO DE INVENTARIO'!$L$21:$L420,'SEGUIMIENTO DE INVENTARIO'!$C$21:$C420,C118),SUMIFS('LISTA DE INVENTARIO'!$K$22:$K321,'LISTA DE INVENTARIO'!$C$22:$C321,C118,$Q$22:$Q321,$O$9)-SUMIFS('SEGUIMIENTO DE INVENTARIO'!$L$21:$L420,'SEGUIMIENTO DE INVENTARIO'!$C$21:$C420,C118))) | N118: =IF(ISBLANK(C118)," ",K118*M118) | O118: =IF(ISBLANK(C118)," ",K118*M118+O117)
B119: 98 | L119: =IF(ISBLANK(C119),"",IF(Q119=$O$9,SUMIFS('LISTA DE INVENTARIO'!$K$22:$K321,'LISTA DE INVENTARIO'!$C$22:$C321,C119,$Q$22:$Q321,$O$9)-SUMIFS('SEGUIMIENTO DE INVENTARIO'!$L$21:$L421,'SEGUIMIENTO DE INVENTARIO'!$C$21:$C421,C119),SUMIFS('LISTA DE INVENTARIO'!$K$22:$K321,'LISTA DE INVENTARIO'!$C$22:$C321,C119,$Q$22:$Q321,$O$9)-SUMIFS('SEGUIMIENTO DE INVENTARIO'!$L$21:$L421,'SEGUIMIENTO DE INVENTARIO'!$C$21:$C421,C119))) | N119: =IF(ISBLANK(C119)," ",K119*M119) | O119: =IF(ISBLANK(C119)," ",K119*M119+O118)
B120: 99 | L120: =IF(ISBLANK(C120),"",IF(Q120=$O$9,SUMIFS('LISTA DE INVENTARIO'!$K$22:$K321,'LISTA DE INVENTARIO'!$C$22:$C321,C120,$Q$22:$Q321,$O$9)-SUMIFS('SEGUIMIENTO DE INVENTARIO'!$L$21:$L422,'SEGUIMIENTO DE INVENTARIO'!$C$21:$C422,C120),SUMIFS('LISTA DE INVENTARIO'!$K$22:$K321,'LISTA DE INVENTARIO'!$C$22:$C321,C120,$Q$22:$Q321,$O$9)-SUMIFS('SEGUIMIENTO DE INVENTARIO'!$L$21:$L422,'SEGUIMIENTO DE INVENTARIO'!$C$21:$C422,C120))) | N120: =IF(ISBLANK(C120)," ",K120*M120) | O120: =IF(ISBLANK(C120)," ",K120*M120+O119)
B121: 100 | L121: =IF(ISBLANK(C121),"",IF(Q121=$O$9,SUMIFS('LISTA DE INVENTARIO'!$K$22:$K321,'LISTA DE INVENTARIO'!$C$22:$C321,C121,$Q$22:$Q321,$O$9)-SUMIFS('SEGUIMIENTO DE INVENTARIO'!$L$21:$L423,'SEGUIMIENTO DE INVENTARIO'!$C$21:$C423,C121),SUMIFS('LISTA DE INVENTARIO'!$K$22:$K321,'LISTA DE INVENTARIO'!$C$22:$C321,C121,$Q$22:$Q321,$O$9)-SUMIFS('SEGUIMIENTO DE INVENTARIO'!$L$21:$L423,'SEGUIMIENTO DE INVENTARIO'!$C$21:$C423,C121))) | N121: =IF(ISBLANK(C121)," ",K121*M121) | O121: =IF(ISBLANK(C121)," ",K121*M121+O120)
B122: 101 | L122: =IF(ISBLANK(C122),"",IF(Q122=$O$9,SUMIFS('LISTA DE INVENTARIO'!$K$22:$K321,'LISTA DE INVENTARIO'!$C$22:$C321,C122,$Q$22:$Q321,$O$9)-SUMIFS('SEGUIMIENTO DE INVENTARIO'!$L$21:$L424,'SEGUIMIENTO DE INVENTARIO'!$C$21:$C424,C122),SUMIFS('LISTA DE INVENTARIO'!$K$22:$K321,'LISTA DE INVENTARIO'!$C$22:$C321,C122,$Q$22:$Q321,$O$9)-SUMIFS('SEGUIMIENTO DE INVENTARIO'!$L$21:$L424,'SEGUIMIENTO DE INVENTARIO'!$C$21:$C424,C122))) | N122: =IF(ISBLANK(C122)," ",K122*M122) | O122: =IF(ISBLANK(C122)," ",K122*M122+O121)
B123: 102 | L123: =IF(ISBLANK(C123),"",IF(Q123=$O$9,SUMIFS('LISTA DE INVENTARIO'!$K$22:$K321,'LISTA DE INVENTARIO'!$C$22:$C321,C123,$Q$22:$Q321,$O$9)-SUMIFS('SEGUIMIENTO DE INVENTARIO'!$L$21:$L425,'SEGUIMIENTO DE INVENTARIO'!$C$21:$C425,C123),SUMIFS('LISTA DE INVENTARIO'!$K$22:$K321,'LISTA DE INVENTARIO'!$C$22:$C321,C123,$Q$22:$Q321,$O$9)-SUMIFS('SEGUIMIENTO DE INVENTARIO'!$L$21:$L425,'SEGUIMIENTO DE INVENTARIO'!$C$21:$C425,C123))) | N123: =IF(ISBLANK(C123)," ",K123*M123) | O123: =IF(ISBLANK(C123)," ",K123*M123+O122)
B124: 103 | L124: =IF(ISBLANK(C124),"",IF(Q124=$O$9,SUMIFS('LISTA DE INVENTARIO'!$K$22:$K321,'LISTA DE INVENTARIO'!$C$22:$C321,C124,$Q$22:$Q321,$O$9)-SUMIFS('SEGUIMIENTO DE INVENTARIO'!$L$21:$L426,'SEGUIMIENTO DE INVENTARIO'!$C$21:$C426,C124),SUMIFS('LISTA DE INVENTARIO'!$K$22:$K321,'LISTA DE INVENTARIO'!$C$22:$C321,C124,$Q$22:$Q321,$O$9)-SUMIFS('SEGUIMIENTO DE INVENTARIO'!$L$21:$L426,'SEGUIMIENTO DE INVENTARIO'!$C$21:$C426,C124))) | N124: =IF(ISBLANK(C124)," ",K124*M124) | O124: =IF(ISBLANK(C124)," ",K124*M124+O123)
B125: 104 | L125: =IF(ISBLANK(C125),"",IF(Q125=$O$9,SUMIFS('LISTA DE INVENTARIO'!$K$22:$K321,'LISTA DE INVENTARIO'!$C$22:$C321,C125,$Q$22:$Q321,$O$9)-SUMIFS('SEGUIMIENTO DE INVENTARIO'!$L$21:$L427,'SEGUIMIENTO DE INVENTARIO'!$C$21:$C427,C125),SUMIFS('LISTA DE INVENTARIO'!$K$22:$K321,'LISTA DE INVENTARIO'!$C$22:$C321,C125,$Q$22:$Q321,$O$9)-SUMIFS('SEGUIMIENTO DE INVENTARIO'!$L$21:$L427,'SEGUIMIENTO DE INVENTARIO'!$C$21:$C427,C125))) | N125: =IF(ISBLANK(C125)," ",K125*M125) | O125: =IF(ISBLANK(C125)," ",K125*M125+O124)
B126: 105 | L126: =IF(ISBLANK(C126),"",IF(Q126=$O$9,SUMIFS('LISTA DE INVENTARIO'!$K$22:$K321,'LISTA DE INVENTARIO'!$C$22:$C321,C126,$Q$22:$Q321,$O$9)-SUMIFS('SEGUIMIENTO DE INVENTARIO'!$L$21:$L428,'SEGUIMIENTO DE INVENTARIO'!$C$21:$C428,C126),SUMIFS('LISTA DE INVENTARIO'!$K$22:$K321,'LISTA DE INVENTARIO'!$C$22:$C321,C126,$Q$22:$Q321,$O$9)-SUMIFS('SEGUIMIENTO DE INVENTARIO'!$L$21:$L428,'SEGUIMIENTO DE INVENTARIO'!$C$21:$C428,C126))) | N126: =IF(ISBLANK(C126)," ",K126*M126) | O126: =IF(ISBLANK(C126)," ",K126*M126+O125)
B127: 106 | L127: =IF(ISBLANK(C127),"",IF(Q127=$O$9,SUMIFS('LISTA DE INVENTARIO'!$K$22:$K321,'LISTA DE INVENTARIO'!$C$22:$C321,C127,$Q$22:$Q321,$O$9)-SUMIFS('SEGUIMIENTO DE INVENTARIO'!$L$21:$L429,'SEGUIMIENTO DE INVENTARIO'!$C$21:$C429,C127),SUMIFS('LISTA DE INVENTARIO'!$K$22:$K321,'LISTA DE INVENTARIO'!$C$22:$C321,C127,$Q$22:$Q321,$O$9)-SUMIFS('SEGUIMIENTO DE INVENTARIO'!$L$21:$L429,'SEGUIMIENTO DE INVENTARIO'!$C$21:$C429,C127))) | N127: =IF(ISBLANK(C127)," ",K127*M127) | O127: =IF(ISBLANK(C127)," ",K127*M127+O126)
B128: 107 | L128: =IF(ISBLANK(C128),"",IF(Q128=$O$9,SUMIFS('LISTA DE INVENTARIO'!$K$22:$K321,'LISTA DE INVENTARIO'!$C$22:$C321,C128,$Q$22:$Q321,$O$9)-SUMIFS('SEGUIMIENTO DE INVENTARIO'!$L$21:$L430,'SEGUIMIENTO DE INVENTARIO'!$C$21:$C430,C128),SUMIFS('LISTA DE INVENTARIO'!$K$22:$K321,'LISTA DE INVENTARIO'!$C$22:$C321,C128,$Q$22:$Q321,$O$9)-SUMIFS('SEGUIMIENTO DE INVENTARIO'!$L$21:$L430,'SEGUIMIENTO DE INVENTARIO'!$C$21:$C430,C128))) | N128: =IF(ISBLANK(C128)," ",K128*M128) | O128: =IF(ISBLANK(C128)," ",K128*M128+O127)
B129: 108 | L129: =IF(ISBLANK(C129),"",IF(Q129=$O$9,SUMIFS('LISTA DE INVENTARIO'!$K$22:$K321,'LISTA DE INVENTARIO'!$C$22:$C321,C129,$Q$22:$Q321,$O$9)-SUMIFS('SEGUIMIENTO DE INVENTARIO'!$L$21:$L431,'SEGUIMIENTO DE INVENTARIO'!$C$21:$C431,C129),SUMIFS('LISTA DE INVENTARIO'!$K$22:$K321,'LISTA DE INVENTARIO'!$C$22:$C321,C129,$Q$22:$Q321,$O$9)-SUMIFS('SEGUIMIENTO DE INVENTARIO'!$L$21:$L431,'SEGUIMIENTO DE INVENTARIO'!$C$21:$C431,C129))) | N129: =IF(ISBLANK(C129)," ",K129*M129) | O129: =IF(ISBLANK(C129)," ",K129*M129+O128)
B130: 109 | L130: =IF(ISBLANK(C130),"",IF(Q130=$O$9,SUMIFS('LISTA DE INVENTARIO'!$K$22:$K321,'LISTA DE INVENTARIO'!$C$22:$C321,C130,$Q$22:$Q321,$O$9)-SUMIFS('SEGUIMIENTO DE INVENTARIO'!$L$21:$L432,'SEGUIMIENTO DE INVENTARIO'!$C$21:$C432,C130),SUMIFS('LISTA DE INVENTARIO'!$K$22:$K321,'LISTA DE INVENTARIO'!$C$22:$C321,C130,$Q$22:$Q321,$O$9)-SUMIFS('SEGUIMIENTO DE INVENTARIO'!$L$21:$L432,'SEGUIMIENTO DE INVENTARIO'!$C$21:$C432,C130))) | N130: =IF(ISBLANK(C130)," ",K130*M130) | O130: =IF(ISBLANK(C130)," ",K130*M130+O129)
B131: 110 | L131: =IF(ISBLANK(C131),"",IF(Q131=$O$9,SUMIFS('LISTA DE INVENTARIO'!$K$22:$K321,'LISTA DE INVENTARIO'!$C$22:$C321,C131,$Q$22:$Q321,$O$9)-SUMIFS('SEGUIMIENTO DE INVENTARIO'!$L$21:$L433,'SEGUIMIENTO DE INVENTARIO'!$C$21:$C433,C131),SUMIFS('LISTA DE INVENTARIO'!$K$22:$K321,'LISTA DE INVENTARIO'!$C$22:$C321,C131,$Q$22:$Q321,$O$9)-SUMIFS('SEGUIMIENTO DE INVENTARIO'!$L$21:$L433,'SEGUIMIENTO DE INVENTARIO'!$C$21:$C433,C131))) | N131: =IF(ISBLANK(C131)," ",K131*M131) | O131: =IF(ISBLANK(C131)," ",K131*M131+O130)
B132: 111 | L132: =IF(ISBLANK(C132),"",IF(Q132=$O$9,SUMIFS('LISTA DE INVENTARIO'!$K$22:$K321,'LISTA DE INVENTARIO'!$C$22:$C321,C132,$Q$22:$Q321,$O$9)-SUMIFS('SEGUIMIENTO DE INVENTARIO'!$L$21:$L434,'SEGUIMIENTO DE INVENTARIO'!$C$21:$C434,C132),SUMIFS('LISTA DE INVENTARIO'!$K$22:$K321,'LISTA DE INVENTARIO'!$C$22:$C321,C132,$Q$22:$Q321,$O$9)-SUMIFS('SEGUIMIENTO DE INVENTARIO'!$L$21:$L434,'SEGUIMIENTO DE INVENTARIO'!$C$21:$C434,C132))) | N132: =IF(ISBLANK(C132)," ",K132*M132) | O132: =IF(ISBLANK(C132)," ",K132*M132+O131)
B133: 112 | L133: =IF(ISBLANK(C133),"",IF(Q133=$O$9,SUMIFS('LISTA DE INVENTARIO'!$K$22:$K321,'LISTA DE INVENTARIO'!$C$22:$C321,C133,$Q$22:$Q321,$O$9)-SUMIFS('SEGUIMIENTO DE INVENTARIO'!$L$21:$L435,'SEGUIMIENTO DE INVENTARIO'!$C$21:$C435,C133),SUMIFS('LISTA DE INVENTARIO'!$K$22:$K321,'LISTA DE INVENTARIO'!$C$22:$C321,C133,$Q$22:$Q321,$O$9)-SUMIFS('SEGUIMIENTO DE INVENTARIO'!$L$21:$L435,'SEGUIMIENTO DE INVENTARIO'!$C$21:$C435,C133))) | N133: =IF(ISBLANK(C133)," ",K133*M133) | O133: =IF(ISBLANK(C133)," ",K133*M133+O132)
B134: 113 | L134: =IF(ISBLANK(C134),"",IF(Q134=$O$9,SUMIFS('LISTA DE INVENTARIO'!$K$22:$K321,'LISTA DE INVENTARIO'!$C$22:$C321,C134,$Q$22:$Q321,$O$9)-SUMIFS('SEGUIMIENTO DE INVENTARIO'!$L$21:$L436,'SEGUIMIENTO DE INVENTARIO'!$C$21:$C436,C134),SUMIFS('LISTA DE INVENTARIO'!$K$22:$K321,'LISTA DE INVENTARIO'!$C$22:$C321,C134,$Q$22:$Q321,$O$9)-SUMIFS('SEGUIMIENTO DE INVENTARIO'!$L$21:$L436,'SEGUIMIENTO DE INVENTARIO'!$C$21:$C436,C134))) | N134: =IF(ISBLANK(C134)," ",K134*M134) | O134: =IF(ISBLANK(C134)," ",K134*M134+O133)
B135: 114 | L135: =IF(ISBLANK(C135),"",IF(Q135=$O$9,SUMIFS('LISTA DE INVENTARIO'!$K$22:$K321,'LISTA DE INVENTARIO'!$C$22:$C321,C135,$Q$22:$Q321,$O$9)-SUMIFS('SEGUIMIENTO DE INVENTARIO'!$L$21:$L437,'SEGUIMIENTO DE INVENTARIO'!$C$21:$C437,C135),SUMIFS('LISTA DE INVENTARIO'!$K$22:$K321,'LISTA DE INVENTARIO'!$C$22:$C321,C135,$Q$22:$Q321,$O$9)-SUMIFS('SEGUIMIENTO DE INVENTARIO'!$L$21:$L437,'SEGUIMIENTO DE INVENTARIO'!$C$21:$C437,C135))) | N135: =IF(ISBLANK(C135)," ",K135*M135) | O135: =IF(ISBLANK(C135)," ",K135*M135+O134)
B136: 115 | L136: =IF(ISBLANK(C136),"",IF(Q136=$O$9,SUMIFS('LISTA DE INVENTARIO'!$K$22:$K321,'LISTA DE INVENTARIO'!$C$22:$C321,C136,$Q$22:$Q321,$O$9)-SUMIFS('SEGUIMIENTO DE INVENTARIO'!$L$21:$L438,'SEGUIMIENTO DE INVENTARIO'!$C$21:$C438,C136),SUMIFS('LISTA DE INVENTARIO'!$K$22:$K321,'LISTA DE INVENTARIO'!$C$22:$C321,C136,$Q$22:$Q321,$O$9)-SUMIFS('SEGUIMIENTO DE INVENTARIO'!$L$21:$L438,'SEGUIMIENTO DE INVENTARIO'!$C$21:$C438,C136))) | N136: =IF(ISBLANK(C136)," ",K136*M136) | O136: =IF(ISBLANK(C136)," ",K136*M136+O135)
B137: 116 | L137: =IF(ISBLANK(C137),"",IF(Q137=$O$9,SUMIFS('LISTA DE INVENTARIO'!$K$22:$K321,'LISTA DE INVENTARIO'!$C$22:$C321,C137,$Q$22:$Q321,$O$9)-SUMIFS('SEGUIMIENTO DE INVENTARIO'!$L$21:$L439,'SEGUIMIENTO DE INVENTARIO'!$C$21:$C439,C137),SUMIFS('LISTA DE INVENTARIO'!$K$22:$K321,'LISTA DE INVENTARIO'!$C$22:$C321,C137,$Q$22:$Q321,$O$9)-SUMIFS('SEGUIMIENTO DE INVENTARIO'!$L$21:$L439,'SEGUIMIENTO DE INVENTARIO'!$C$21:$C439,C137))) | N137: =IF(ISBLANK(C137)," ",K137*M137) | O137: =IF(ISBLANK(C137)," ",K137*M137+O136)
B138: 117 | L138: =IF(ISBLANK(C138),"",IF(Q138=$O$9,SUMIFS('LISTA DE INVENTARIO'!$K$22:$K321,'LISTA DE INVENTARIO'!$C$22:$C321,C138,$Q$22:$Q321,$O$9)-SUMIFS('SEGUIMIENTO DE INVENTARIO'!$L$21:$L440,'SEGUIMIENTO DE INVENTARIO'!$C$21:$C440,C138),SUMIFS('LISTA DE INVENTARIO'!$K$22:$K321,'LISTA DE INVENTARIO'!$C$22:$C321,C138,$Q$22:$Q321,$O$9)-SUMIFS('SEGUIMIENTO DE INVENTARIO'!$L$21:$L440,'SEGUIMIENTO DE INVENTARIO'!$C$21:$C440,C138))) | N138: =IF(ISBLANK(C138)," ",K138*M138) | O138: =IF(ISBLANK(C138)," ",K138*M138+O137)
B139: 118 | L139: =IF(ISBLANK(C139),"",IF(Q139=$O$9,SUMIFS('LISTA DE INVENTARIO'!$K$22:$K321,'LISTA DE INVENTARIO'!$C$22:$C321,C139,$Q$22:$Q321,$O$9)-SUMIFS('SEGUIMIENTO DE INVENTARIO'!$L$21:$L441,'SEGUIMIENTO DE INVENTARIO'!$C$21:$C441,C139),SUMIFS('LISTA DE INVENTARIO'!$K$22:$K321,'LISTA DE INVENTARIO'!$C$22:$C321,C139,$Q$22:$Q321,$O$9)-SUMIFS('SEGUIMIENTO DE INVENTARIO'!$L$21:$L441,'SEGUIMIENTO DE INVENTARIO'!$C$21:$C441,C139))) | N139: =IF(ISBLANK(C139)," ",K139*M139) | O139: =IF(ISBLANK(C139)," ",K139*M139+O138)
B140: 119 | L140: =IF(ISBLANK(C140),"",IF(Q140=$O$9,SUMIFS('LISTA DE INVENTARIO'!$K$22:$K321,'LISTA DE INVENTARIO'!$C$22:$C321,C140,$Q$22:$Q321,$O$9)-SUMIFS('SEGUIMIENTO DE INVENTARIO'!$L$21:$L442,'SEGUIMIENTO DE INVENTARIO'!$C$21:$C442,C140),SUMIFS('LISTA DE INVENTARIO'!$K$22:$K321,'LISTA DE INVENTARIO'!$C$22:$C321,C140,$Q$22:$Q321,$O$9)-SUMIFS('SEGUIMIENTO DE INVENTARIO'!$L$21:$L442,'SEGUIMIENTO DE INVENTARIO'!$C$21:$C442,C140))) | N140: =IF(ISBLANK(C140)," ",K140*M140) | O140: =IF(ISBLANK(C140)," ",K140*M140+O139)
B141: 120 | L141: =IF(ISBLANK(C141),"",IF(Q141=$O$9,SUMIFS('LISTA DE INVENTARIO'!$K$22:$K321,'LISTA DE INVENTARIO'!$C$22:$C321,C141,$Q$22:$Q321,$O$9)-SUMIFS('SEGUIMIENTO DE INVENTARIO'!$L$21:$L443,'SEGUIMIENTO DE INVENTARIO'!$C$21:$C443,C141),SUMIFS('LISTA DE INVENTARIO'!$K$22:$K321,'LISTA DE INVENTARIO'!$C$22:$C321,C141,$Q$22:$Q321,$O$9)-SUMIFS('SEGUIMIENTO DE INVENTARIO'!$L$21:$L443,'SEGUIMIENTO DE INVENTARIO'!$C$21:$C443,C141))) | N141: =IF(ISBLANK(C141)," ",K141*M141) | O141: =IF(ISBLANK(C141)," ",K141*M141+O140)
B142: 121 | L142: =IF(ISBLANK(C142),"",IF(Q142=$O$9,SUMIFS('LISTA DE INVENTARIO'!$K$22:$K321,'LISTA DE INVENTARIO'!$C$22:$C321,C142,$Q$22:$Q321,$O$9)-SUMIFS('SEGUIMIENTO DE INVENTARIO'!$L$21:$L444,'SEGUIMIENTO DE INVENTARIO'!$C$21:$C444,C142),SUMIFS('LISTA DE INVENTARIO'!$K$22:$K321,'LISTA DE INVENTARIO'!$C$22:$C321,C142,$Q$22:$Q321,$O$9)-SUMIFS('SEGUIMIENTO DE INVENTARIO'!$L$21:$L444,'SEGUIMIENTO DE INVENTARIO'!$C$21:$C444,C142))) | N142: =IF(ISBLANK(C142)," ",K142*M142) | O142: =IF(ISBLANK(C142)," ",K142*M142+O141)
B143: 122 | L143: =IF(ISBLANK(C143),"",IF(Q143=$O$9,SUMIFS('LISTA DE INVENTARIO'!$K$22:$K321,'LISTA DE INVENTARIO'!$C$22:$C321,C143,$Q$22:$Q321,$O$9)-SUMIFS('SEGUIMIENTO DE INVENTARIO'!$L$21:$L445,'SEGUIMIENTO DE INVENTARIO'!$C$21:$C445,C143),SUMIFS('LISTA DE INVENTARIO'!$K$22:$K321,'LISTA DE INVENTARIO'!$C$22:$C321,C143,$Q$22:$Q321,$O$9)-SUMIFS('SEGUIMIENTO DE INVENTARIO'!$L$21:$L445,'SEGUIMIENTO DE INVENTARIO'!$C$21:$C445,C143))) | N143: =IF(ISBLANK(C143)," ",K143*M143) | O143: =IF(ISBLANK(C143)," ",K143*M143+O142)
B144: 123 | L144: =IF(ISBLANK(C144),"",IF(Q144=$O$9,SUMIFS('LISTA DE INVENTARIO'!$K$22:$K321,'LISTA DE INVENTARIO'!$C$22:$C321,C144,$Q$22:$Q321,$O$9)-SUMIFS('SEGUIMIENTO DE INVENTARIO'!$L$21:$L446,'SEGUIMIENTO DE INVENTARIO'!$C$21:$C446,C144),SUMIFS('LISTA DE INVENTARIO'!$K$22:$K321,'LISTA DE INVENTARIO'!$C$22:$C321,C144,$Q$22:$Q321,$O$9)-SUMIFS('SEGUIMIENTO DE INVENTARIO'!$L$21:$L446,'SEGUIMIENTO DE INVENTARIO'!$C$21:$C446,C144))) | N144: =IF(ISBLANK(C144)," ",K144*M144) | O144: =IF(ISBLANK(C144)," ",K144*M144+O143)
B145: 124 | L145: =IF(ISBLANK(C145),"",IF(Q145=$O$9,SUMIFS('LISTA DE INVENTARIO'!$K$22:$K321,'LISTA DE INVENTARIO'!$C$22:$C321,C145,$Q$22:$Q321,$O$9)-SUMIFS('SEGUIMIENTO DE INVENTARIO'!$L$21:$L447,'SEGUIMIENTO DE INVENTARIO'!$C$21:$C447,C145),SUMIFS('LISTA DE INVENTARIO'!$K$22:$K321,'LISTA DE INVENTARIO'!$C$22:$C321,C145,$Q$22:$Q321,$O$9)-SUMIFS('SEGUIMIENTO DE INVENTARIO'!$L$21:$L447,'SEGUIMIENTO DE INVENTARIO'!$C$21:$C447,C145))) | N145: =IF(ISBLANK(C145)," ",K145*M145) | O145: =IF(ISBLANK(C145)," ",K145*M145+O144)
B146: 125 | L146: =IF(ISBLANK(C146),"",IF(Q146=$O$9,SUMIFS('LISTA DE INVENTARIO'!$K$22:$K321,'LISTA DE INVENTARIO'!$C$22:$C321,C146,$Q$22:$Q321,$O$9)-SUMIFS('SEGUIMIENTO DE INVENTARIO'!$L$21:$L448,'SEGUIMIENTO DE INVENTARIO'!$C$21:$C448,C146),SUMIFS('LISTA DE INVENTARIO'!$K$22:$K321,'LISTA DE INVENTARIO'!$C$22:$C321,C146,$Q$22:$Q321,$O$9)-SUMIFS('SEGUIMIENTO DE INVENTARIO'!$L$21:$L448,'SEGUIMIENTO DE INVENTARIO'!$C$21:$C448,C146))) | N146: =IF(ISBLANK(C146)," ",K146*M146) | O146: =IF(ISBLANK(C146)," ",K146*M146+O145)
B147: 126 | L147: =IF(ISBLANK(C147),"",IF(Q147=$O$9,SUMIFS('LISTA DE INVENTARIO'!$K$22:$K321,'LISTA DE INVENTARIO'!$C$22:$C321,C147,$Q$22:$Q321,$O$9)-SUMIFS('SEGUIMIENTO DE INVENTARIO'!$L$21:$L449,'SEGUIMIENTO DE INVENTARIO'!$C$21:$C449,C147),SUMIFS('LISTA DE INVENTARIO'!$K$22:$K321,'LISTA DE INVENTARIO'!$C$22:$C321,C147,$Q$22:$Q321,$O$9)-SUMIFS('SEGUIMIENTO DE INVENTARIO'!$L$21:$L449,'SEGUIMIENTO DE INVENTARIO'!$C$21:$C449,C147))) | N147: =IF(ISBLANK(C147)," ",K147*M147) | O147: =IF(ISBLANK(C147)," ",K147*M147+O146)
B148: 127 | L148: =IF(ISBLANK(C148),"",IF(Q148=$O$9,SUMIFS('LISTA DE INVENTARIO'!$K$22:$K321,'LISTA DE INVENTARIO'!$C$22:$C321,C148,$Q$22:$Q321,$O$9)-SUMIFS('SEGUIMIENTO DE INVENTARIO'!$L$21:$L450,'SEGUIMIENTO DE INVENTARIO'!$C$21:$C450,C148),SUMIFS('LISTA DE INVENTARIO'!$K$22:$K321,'LISTA DE INVENTARIO'!$C$22:$C321,C148,$Q$22:$Q321,$O$9)-SUMIFS('SEGUIMIENTO DE INVENTARIO'!$L$21:$L450,'SEGUIMIENTO DE INVENTARIO'!$C$21:$C450,C148))) | N148: =IF(ISBLANK(C148)," ",K148*M148) | O148: =IF(ISBLANK(C148)," ",K148*M148+O147)
B149: 128 | L149: =IF(ISBLANK(C149),"",IF(Q149=$O$9,SUMIFS('LISTA DE INVENTARIO'!$K$22:$K321,'LISTA DE INVENTARIO'!$C$22:$C321,C149,$Q$22:$Q321,$O$9)-SUMIFS('SEGUIMIENTO DE INVENTARIO'!$L$21:$L451,'SEGUIMIENTO DE INVENTARIO'!$C$21:$C451,C149),SUMIFS('LISTA DE INVENTARIO'!$K$22:$K321,'LISTA DE INVENTARIO'!$C$22:$C321,C149,$Q$22:$Q321,$O$9)-SUMIFS('SEGUIMIENTO DE INVENTARIO'!$L$21:$L451,'SEGUIMIENTO DE INVENTARIO'!$C$21:$C451,C149))) | N149: =IF(ISBLANK(C149)," ",K149*M149) | O149: =IF(ISBLANK(C149)," ",K149*M149+O148)
B150: 129 | L150: =IF(ISBLANK(C150),"",IF(Q150=$O$9,SUMIFS('LISTA DE INVENTARIO'!$K$22:$K321,'LISTA DE INVENTARIO'!$C$22:$C321,C150,$Q$22:$Q321,$O$9)-SUMIFS('SEGUIMIENTO DE INVENTARIO'!$L$21:$L452,'SEGUIMIENTO DE INVENTARIO'!$C$21:$C452,C150),SUMIFS('LISTA DE INVENTARIO'!$K$22:$K321,'LISTA DE INVENTARIO'!$C$22:$C321,C150,$Q$22:$Q321,$O$9)-SUMIFS('SEGUIMIENTO DE INVENTARIO'!$L$21:$L452,'SEGUIMIENTO DE INVENTARIO'!$C$21:$C452,C150))) | N150: =IF(ISBLANK(C150)," ",K150*M150) | O150: =IF(ISBLANK(C150)," ",K150*M150+O149)
...

Sheet SEGUIMIENTO DE INVENTARIO
B2: SEGUIMIENTO DE INVENTARIO
B3: Edita aquí los ítems que se van a vender, la cantidad, el precio y la fecha de salidad.
D4: Llena estos campos obligatorios en la tabla
D5: Los campos en azul claro se llenan automáticamente. (No modificarlos)
B8: =Config!C11 &" "&Config!C13 -> Junio 2023 | K8: ESTADO DE LA ORDEN
C9: L | D9: M | E9: M | F9: J | G9: V | H9: S | I9: D | K9: AGOTADO | M9: EN STOCK | O9: BAJO EN STOCK
B10: S1 | C10: {=(DATE(Config!$C$13,'Formulas, No borrar'!$P$6,1)-WEEKDAY(DATE(Config!$C$13,'Formulas, No borrar'!$P$6,1),1)+1)+(COLUMN($C$15:$I$15)-COLUMN($C$15)+1)+((ROW($C$15:$C$20)-ROW($C$15))*7)} -> 45075 | D10: 45076 | E10: 45077 | F10: 45078 | G10: 45079 | H10: 45080 | I10: 45081 | K10: =COUNTIF(N22:N122,K9) -> 3 | L10: =IFERROR(COUNTIFS(N22:N4207,K9,T22:T4207,FALSE)/COUNTIFS(C22:C4207,"<>",T22:T4207,FALSE),"") -> 1 | M10: =COUNTIF(N22:N122,M9) -> 0 | N10: =IFERROR(COUNTIFS(N22:N4207,M9,T22:T4207,FALSE)/COUNTIFS(C22:C4207,"<>",T22:T4207,FALSE),"") -> 0 | O10: =COUNTIF(N22:N122,O9) -> 0 | P10: =IFERROR(COUNTIFS(N22:N4207,O9,T22:T4207,FALSE)/COUNTIFS(C22:C4207,"<>",T22:T4207,FALSE),"") -> 0
B11: S2 | C11: 45082 | D11: 45083 | E11: 45084 | F11: 45085 | G11: 45086 | H11: 45087 | I11: 45088
B12: S3 | C12: 45089 | D12: 45090 | E12: 45091 | F12: 45092 | G12: 45093 | H12: 45094 | I12: 45095 | K12: ITEMS TOTALES (QTY) | M12: ITEMS ENVIADOS (QTY) | O12: ITEM PENDIENTES (QTY)
B13: S4 | C13: 45096 | D13: 45097 | E13: 45098 | F13: 45099 | G13: 45100 | H13: 45101 | I13: 45102 | K13: =SUMIF(L22:L5125,"<>") -> 172 | M13: =IFERROR(SUMIF(T22:T5125,TRUE,L22:L5125),"0") -> 148 | O13: =IFERROR(SUMIF(T22:T5125,FALSE,L22:L5125),"0") -> 24 | R13: =IFERROR(P16/L16, "") -> 0.75191514
B14: S5 | C14: 45103 | D14: 45104 | E14: 45105 | F14: 45106 | G14: 45107 | H14: 45108 | I14: 45109
B15: S6 | C15: 45110 | D15: 45111 | E15: 45112 | F15: 45113 | G15: 45114 | H15: 45115 | I15: 45116 | K15: RESUMEN EJECUTIVO
K16: Precio Total | L16: =SUM(P22:P4333) -> 6788 | M16: Pnte por Vender | N16: =SUMIF(T22:T5125,FALSE,P22:P5125) -> 1684 | O16: Vendido | P16: =SUMIF(T22:T5125,TRUE,P22:P5125) -> 5104
B17: FECHA: | C17: =TODAY() -> 45942
B18: 1 | C18: - | D18: FECHA | T18: TRUE
B19: 1 | C19: - | D19: FECHA DE SALIDA | T19: TRUE
B21: # | C21: ITEMS | J21: NÚMERO DE SERIE | K21: CATEGORÍA | L21: QTY | M21: QTY EN STOCK | N21: ESTADO | O21: PRECIO ITEM | P21: PRECIO TOTAL | Q21: GANANCIA | R21: FECHA DE SALIDA | S21: DÍAS RESTANTES | T21: ENVIADO | U21: NOTAS
B22: 1 | C22: Vestido rojo | K22: ROPA | L22: 90 | M22: =IF(ISBLANK(C22),"",IF('LISTA DE INVENTARIO'!$Q$22:$Q4845='LISTA DE INVENTARIO'!$O$9,SUMIFS('LISTA DE INVENTARIO'!$K$22:$K4845,'LISTA DE INVENTARIO'!$C$22:$C4845,C22,'LISTA DE INVENTARIO'!$Q$22:$Q4845,'LISTA DE INVENTARIO'!$O$9)-SUMIFS($L$22:$L5117,$C$22:$C5117,C22),SUMIFS('LISTA DE INVENTARIO'!$K$22:$K4845,'LISTA DE INVENTARIO'!$C$22:$C4845,C22,'LISTA DE INVENTARIO'!$Q$22:$Q4845,'LISTA DE INVENTARIO'!$O$9)-SUMIFS($L$22:$L5117,$C$22:$C5117,C22))) -> 10 | N22: =IF(T22=TRUE,"ENVIADO",IF(ISBLANK(C22),"",IF((AND(M22<=0)),$K$9,IF(AND(M22>0,M22<=10),$O$9,$M$9)))) -> ENVIADO | O22: 21 | P22: =IF(ISBLANK(C22),"",L22*O22) -> 1890 | Q22: =IF(ISBLANK(C22),"",SUMIFS($P$22:$P5120,$C$22:$C5120,C22)-SUMIFS('LISTA DE INVENTARIO'!$N$22:$N4847,'LISTA DE INVENTARIO'!$C$22:$C4847,C22)) -> 490 | R22: 45076 | S22: {=IF($R$22:$R321<>"",IF(($R$22:$R321-C17)<0,"✓",($R$22:$R321-C17)),"")} -> ✓ | T22: TRUE
B23: 2 | C23: Jeans de hombre | K23: ROPA | L23: 30 | M23: =IF(ISBLANK(C23),"",IF('LISTA DE INVENTARIO'!$Q$22:$Q4846='LISTA DE INVENTARIO'!$O$9,SUMIFS('LISTA DE INVENTARIO'!$K$22:$K4846,'LISTA DE INVENTARIO'!$C$22:$C4846,C23,'LISTA DE INVENTARIO'!$Q$22:$Q4846,'LISTA DE INVENTARIO'!$O$9)-SUMIFS($L$22:$L5118,$C$22:$C5118,C23),SUMIFS('LISTA DE INVENTARIO'!$K$22:$K4846,'LISTA DE INVENTARIO'!$C$22:$C4846,C23,'LISTA DE INVENTARIO'!$Q$22:$Q4846,'LISTA DE INVENTARIO'!$O$9)-SUMIFS($L$22:$L5118,$C$22:$C5118,C23))) -> 7 | N23: =IF(T23=TRUE,"ENVIADO",IF(ISBLANK(C23),"",IF((AND(M23<=0)),$K$9,IF(AND(M23>0,M23<=10),$O$9,$M$9)))) -> ENVIADO | O23: 50 | P23: =IF(ISBLANK(C23),"",L23*O23) -> 1500 | Q23: =IF(ISBLANK(C23),"",SUMIFS($P$22:$P5121,$C$22:$C5121,C23)-SUMIFS('LISTA DE INVENTARIO'!$N$22:$N4848,'LISTA DE INVENTARIO'!$C$22:$C4848,C23)) -> 1910 | R23: 45077 | S23: ✓ | T23: TRUE
B24: 3 | C24: Falda turquesa | K24: ROPA | L24: 15 | M24: =IF(ISBLANK(C24),"",IF('LISTA DE INVENTARIO'!$Q$22:$Q4847='LISTA DE INVENTARIO'!$O$9,SUMIFS('LISTA DE INVENTARIO'!$K$22:$K4847,'LISTA DE INVENTARIO'!$C$22:$C4847,C24,'LISTA DE INVENTARIO'!$Q$22:$Q4847,'LISTA DE INVENTARIO'!$O$9)-SUMIFS($L$22:$L5119,$C$22:$C5119,C24),SUMIFS('LISTA DE INVENTARIO'!$K$22:$K4847,'LISTA DE INVENTARIO'!$C$22:$C4847,C24,'LISTA DE INVENTARIO'!$Q$22:$Q4847,'LISTA DE INVENTARIO'!$O$9)-SUMIFS($L$22:$L5119,$C$22:$C5119,C24))) -> -15 | N24: =IF(T24=TRUE,"ENVIADO",IF(ISBLANK(C24),"",IF((AND(M24<=0)),$K$9,IF(AND(M24>0,M24<=10),$O$9,$M$9)))) -> AGOTADO | O24: 90 | P24: =IF(ISBLANK(C24),"",L24*O24) -> 1350 | Q24: =IF(ISBLANK(C24),"",SUMIFS($P$22:$P5122,$C$22:$C5122,C24)-SUMIFS('LISTA DE INVENTARIO'!$N$22:$N4849,'LISTA DE INVENTARIO'!$C$22:$C4849,C24)) -> 945 | R24: 45107 | S24: ✓ | T24: FALSE
B25: 4 | C25: Chaleco mostaza | K25: ROPA | L25: 1 | M25: =IF(ISBLANK(C25),"",IF('LISTA DE INVENTARIO'!$Q$22:$Q4848='LISTA DE INVENTARIO'!$O$9,SUMIFS('LISTA DE INVENTARIO'!$K$22:$K4848,'LISTA DE INVENTARIO'!$C$22:$C4848,C25,'LISTA DE INVENTARIO'!$Q$22:$Q4848,'LISTA DE INVENTARIO'!$O$9)-SUMIFS($L$22:$L5120,$C$22:$C5120,C25),SUMIFS('LISTA DE INVENTARIO'!$K$22:$K4848,'LISTA DE INVENTARIO'!$C$22:$C4848,C25,'LISTA DE INVENTARIO'!$Q$22:$Q4848,'LISTA DE INVENTARIO'!$O$9)-SUMIFS($L$22:$L5120,$C$22:$C5120,C25))) -> -1 | N25: =IF(T25=TRUE,"ENVIADO",IF(ISBLANK(C25),"",IF((AND(M25<=0)),$K$9,IF(AND(M25>0,M25<=10),$O$9,$M$9)))) -> ENVIADO | O25: 40 | P25: =IF(ISBLANK(C25),"",L25*O25) -> 40 | Q25: =IF(ISBLANK(C25),"",SUMIFS($P$22:$P5123,$C$22:$C5123,C25)-SUMIFS('LISTA DE INVENTARIO'!$N$22:$N4850,'LISTA DE INVENTARIO'!$C$22:$C4850,C25)) -> -185 | R25: 45092 | S25: ✓ | T25: TRUE
B26: 5 | C26: Jeans de hombre | K26: ROPA | L26: 9 | M26: =IF(ISBLANK(C26),"",IF('LISTA DE INVENTARIO'!$Q$22:$Q4849='LISTA DE INVENTARIO'!$O$9,SUMIFS('LISTA DE INVENTARIO'!$K$22:$K4849,'LISTA DE INVENTARIO'!$C$22:$C4849,C26,'LISTA DE INVENTARIO'!$Q$22:$Q4849,'LISTA DE INVENTARIO'!$O$9)-SUMIFS($L$22:$L5121,$C$22:$C5121,C26),SUMIFS('LISTA DE INVENTARIO'!$K$22:$K4849,'LISTA DE INVENTARIO'!$C$22:$C4849,C26,'LISTA DE INVENTARIO'!$Q$22:$Q4849,'LISTA DE INVENTARIO'!$O$9)-SUMIFS($L$22:$L5121,$C$22:$C5121,C26))) -> 7 | N26: =IF(T26=TRUE,"ENVIADO",IF(ISBLANK(C26),"",IF((AND(M26<=0)),$K$9,IF(AND(M26>0,M26<=10),$O$9,$M$9)))) -> ENVIADO | O26: 90 | P26: =IF(ISBLANK(C26),"",L26*O26) -> 810 | Q26: =IF(ISBLANK(C26),"",SUMIFS($P$22:$P5124,$C$22:$C5124,C26)-SUMIFS('LISTA DE INVENTARIO'!$N$22:$N4851,'LISTA DE INVENTARIO'!$C$22:$C4851,C26)) -> 1910 | R26: 45093 | S26: ✓ | T26: TRUE
B27: 6 | C27: Blusa verde | K27: ROPA | L27: 2 | M27: =IF(ISBLANK(C27),"",IF('LISTA DE INVENTARIO'!$Q$22:$Q4850='LISTA DE INVENTARIO'!$O$9,SUMIFS('LISTA DE INVENTARIO'!$K$22:$K4850,'LISTA DE INVENTARIO'!$C$22:$C4850,C27,'LISTA DE INVENTARIO'!$Q$22:$Q4850,'LISTA DE INVENTARIO'!$O$9)-SUMIFS($L$22:$L5122,$C$22:$C5122,C27),SUMIFS('LISTA DE INVENTARIO'!$K$22:$K4850,'LISTA DE INVENTARIO'!$C$22:$C4850,C27,'LISTA DE INVENTARIO'!$Q$22:$Q4850,'LISTA DE INVENTARIO'!$O$9)-SUMIFS($L$22:$L5122,$C$22:$C5122,C27))) -> -2 | N27: =IF(T27=TRUE,"ENVIADO",IF(ISBLANK(C27),"",IF((AND(M27<=0)),$K$9,IF(AND(M27>0,M27<=10),$O$9,$M$9)))) -> AGOTADO | O27: 34 | P27: =IF(ISBLANK(C27),"",L27*O27) -> 68 | Q27: =IF(ISBLANK(C27),"",SUMIFS($P$22:$P5125,$C$22:$C5125,C27)-SUMIFS('LISTA DE INVENTARIO'!$N$22:$N4852,'LISTA DE INVENTARIO'!$C$22:$C4852,C27)) -> -652 | R27: 45102 | S27: ✓ | T27: FALSE
B28: 7 | C28: Jeans de hombre | K28: ROPA | L28: 4 | M28: =IF(ISBLANK(C28),"",IF('LISTA DE INVENTARIO'!$Q$22:$Q4851='LISTA DE INVENTARIO'!$O$9,SUMIFS('LISTA DE INVENTARIO'!$K$22:$K4851,'LISTA DE INVENTARIO'!$C$22:$C4851,C28,'LISTA DE INVENTARIO'!$Q$22:$Q4851,'LISTA DE INVENTARIO'!$O$9)-SUMIFS($L$22:$L5123,$C$22:$C5123,C28),SUMIFS('LISTA DE INVENTARIO'!$K$22:$K4851,'LISTA DE INVENTARIO'!$C$22:$C4851,C28,'LISTA DE INVENTARIO'!$Q$22:$Q4851,'LISTA DE INVENTARIO'!$O$9)-SUMIFS($L$22:$L5123,$C$22:$C5123,C28))) -> 7 | N28: =IF(T28=TRUE,"ENVIADO",IF(ISBLANK(C28),"",IF((AND(M28<=0)),$K$9,IF(AND(M28>0,M28<=10),$O$9,$M$9)))) -> ENVIADO | O28: 50 | P28: =IF(ISBLANK(C28),"",L28*O28) -> 200 | Q28: =IF(ISBLANK(C28),"",SUMIFS($P$22:$P5126,$C$22:$C5126,C28)-SUMIFS('LISTA DE INVENTARIO'!$N$22:$N4853,'LISTA DE INVENTARIO'!$C$22:$C4853,C28)) -> 1910 | R28: 45102 | S28: ✓ | T28: TRUE
B29: 8 | C29: Mochila roja | K29: OTROS | L29: 3 | M29: =IF(ISBLANK(C29),"",IF('LISTA DE INVENTARIO'!$Q$22:$Q4852='LISTA DE INVENTARIO'!$O$9,SUMIFS('LISTA DE INVENTARIO'!$K$22:$K4852,'LISTA DE INVENTARIO'!$C$22:$C4852,C29,'LISTA DE INVENTARIO'!$Q$22:$Q4852,'LISTA DE INVENTARIO'!$O$9)-SUMIFS($L$22:$L5124,$C$22:$C5124,C29),SUMIFS('LISTA DE INVENTARIO'!$K$22:$K4852,'LISTA DE INVENTARIO'!$C$22:$C4852,C29,'LISTA DE INVENTARIO'!$Q$22:$Q4852,'LISTA DE INVENTARIO'!$O$9)-SUMIFS($L$22:$L5124,$C$22:$C5124,C29))) -> 17 | N29: =IF(T29=TRUE,"ENVIADO",IF(ISBLANK(C29),"",IF((AND(M29<=0)),$K$9,IF(AND(M29>0,M29<=10),$O$9,$M$9)))) -> ENVIADO | O29: 18 | P29: =IF(ISBLANK(C29),"",L29*O29) -> 54 | Q29: =IF(ISBLANK(C29),"",SUMIFS($P$22:$P5127,$C$22:$C5127,C29)-SUMIFS('LISTA DE INVENTARIO'!$N$22:$N4854,'LISTA DE INVENTARIO'!$C$22:$C4854,C29)) -> -106 | R29: 45105 | S29: ✓ | T29: TRUE
B30: 9 | C30: Crema de ojos | K30: BELLEZA | L30: 1 | M30: =IF(ISBLANK(C30),"",IF('LISTA DE INVENTARIO'!$Q$22:$Q4853='LISTA DE INVENTARIO'!$O$9,SUMIFS('LISTA DE INVENTARIO'!$K$22:$K4853,'LISTA DE INVENTARIO'!$C$22:$C4853,C30,'LISTA DE INVENTARIO'!$Q$22:$Q4853,'LISTA DE INVENTARIO'!$O$9)-SUMIFS($L$22:$L5125,$C$22:$C5125,C30),SUMIFS('LISTA DE INVENTARIO'!$K$22:$K4853,'LISTA DE INVENTARIO'!$C$22:$C4853,C30,'LISTA DE INVENTARIO'!$Q$22:$Q4853,'LISTA DE INVENTARIO'!$O$9)-SUMIFS($L$22:$L5125,$C$22:$C5125,C30))) -> -1 | N30: =IF(T30=TRUE,"ENVIADO",IF(ISBLANK(C30),"",IF((AND(M30<=0)),$K$9,IF(AND(M30>0,M30<=10),$O$9,$M$9)))) -> ENVIADO | O30: 54 | P30: =IF(ISBLANK(C30),"",L30*O30) -> 54 | Q30: =IF(ISBLANK(C30),"",SUMIFS($P$22:$P5128,$C$22:$C5128,C30)-SUMIFS('LISTA DE INVENTARIO'!$N$22:$N4855,'LISTA DE INVENTARIO'!$C$22:$C4855,C30)) -> -406 | R30: 45105 | S30: ✓ | T30: TRUE
B31: 10 | C31: Aretes de perla | K31: ACCESORIOS | L31: 7 | M31: =IF(ISBLANK(C31),"",IF('LISTA DE INVENTARIO'!$Q$22:$Q4854='LISTA DE INVENTARIO'!$O$9,SUMIFS('LISTA DE INVENTARIO'!$K$22:$K4854,'LISTA DE INVENTARIO'!$C$22:$C4854,C31,'LISTA DE INVENTARIO'!$Q$22:$Q4854,'LISTA DE INVENTARIO'!$O$9)-SUMIFS($L$22:$L5126,$C$22:$C5126,C31),SUMIFS('LISTA DE INVENTARIO'!$K$22:$K4854,'LISTA DE INVENTARIO'!$C$22:$C4854,C31,'LISTA DE INVENTARIO'!$Q$22:$Q4854,'LISTA DE INVENTARIO'!$O$9)-SUMIFS($L$22:$L5126,$C$22:$C5126,C31))) -> -7 | N31: =IF(T31=TRUE,"ENVIADO",IF(ISBLANK(C31),"",IF((AND(M31<=0)),$K$9,IF(AND(M31>0,M31<=10),$O$9,$M$9)))) -> AGOTADO | O31: 38 | P31: =IF(ISBLANK(C31),"",L31*O31) -> 266 | Q31: =IF(ISBLANK(C31),"",SUMIFS($P$22:$P5129,$C$22:$C5129,C31)-SUMIFS('LISTA DE INVENTARIO'!$N$22:$N4856,'LISTA DE INVENTARIO'!$C$22:$C4856,C31)) -> -22 | R31: 45105 | S31: ✓ | T31: FALSE
B32: 11 | C32: reloj azul sport hombre | K32: ACCESORIOS | L32: 8 | M32: =IF(ISBLANK(C32),"",IF('LISTA DE INVENTARIO'!$Q$22:$Q4855='LISTA DE INVENTARIO'!$O$9,SUMIFS('LISTA DE INVENTARIO'!$K$22:$K4855,'LISTA DE INVENTARIO'!$C$22:$C4855,C32,'LISTA DE INVENTARIO'!$Q$22:$Q4855,'LISTA DE INVENTARIO'!$O$9)-SUMIFS($L$22:$L5127,$C$22:$C5127,C32),SUMIFS('LISTA DE INVENTARIO'!$K$22:$K4855,'LISTA DE INVENTARIO'!$C$22:$C4855,C32,'LISTA DE INVENTARIO'!$Q$22:$Q4855,'LISTA DE INVENTARIO'!$O$9)-SUMIFS($L$22:$L5127,$C$22:$C5127,C32))) -> -8 | N32: =IF(T32=TRUE,"ENVIADO",IF(ISBLANK(C32),"",IF((AND(M32<=0)),$K$9,IF(AND(M32>0,M32<=10),$O$9,$M$9)))) -> ENVIADO | O32: 58 | P32: =IF(ISBLANK(C32),"",L32*O32) -> 464 | Q32: =IF(ISBLANK(C32),"",SUMIFS($P$22:$P5130,$C$22:$C5130,C32)-SUMIFS('LISTA DE INVENTARIO'!$N$22:$N4857,'LISTA DE INVENTARIO'!$C$22:$C4857,C32)) -> 176 | R32: 45093 | S32: ✓ | T32: TRUE
B33: 12 | C33: Zapatos casuales hombre | K33: ZAPATOS | L33: 2 | M33: =IF(ISBLANK(C33),"",IF('LISTA DE INVENTARIO'!$Q$22:$Q4856='LISTA DE INVENTARIO'!$O$9,SUMIFS('LISTA DE INVENTARIO'!$K$22:$K4856,'LISTA DE INVENTARIO'!$C$22:$C4856,C33,'LISTA DE INVENTARIO'!$Q$22:$Q4856,'LISTA DE INVENTARIO'!$O$9)-SUMIFS($L$22:$L5128,$C$22:$C5128,C33),SUMIFS('LISTA DE INVENTARIO'!$K$22:$K4856,'LISTA DE INVENTARIO'!$C$22:$C4856,C33,'LISTA DE INVENTARIO'!$Q$22:$Q4856,'LISTA DE INVENTARIO'!$O$9)-SUMIFS($L$22:$L5128,$C$22:$C5128,C33))) -> -2 | N33: =IF(T33=TRUE,"ENVIADO",IF(ISBLANK(C33),"",IF((AND(M33<=0)),$K$9,IF(AND(M33>0,M33<=10),$O$9,$M$9)))) -> ENVIADO | O33: 46 | P33: =IF(ISBLANK(C33),"",L33*O33) -> 92 | Q33: =IF(ISBLANK(C33),"",SUMIFS($P$22:$P5131,$C$22:$C5131,C33)-SUMIFS('LISTA DE INVENTARIO'!$N$22:$N4858,'LISTA DE INVENTARIO'!$C$22:$C4858,C33)) -> -708 | R33: 45093 | S33: ✓ | T33: TRUE
B34: 13 | M34: =IF(ISBLANK(C34),"",IF('LISTA DE INVENTARIO'!$Q$22:$Q4857='LISTA DE INVENTARIO'!$O$9,SUMIFS('LISTA DE INVENTARIO'!$K$22:$K4857,'LISTA DE INVENTARIO'!$C$22:$C4857,C34,'LISTA DE INVENTARIO'!$Q$22:$Q4857,'LISTA DE INVENTARIO'!$O$9)-SUMIFS($L$22:$L5129,$C$22:$C5129,C34),SUMIFS('LISTA DE INVENTARIO'!$K$22:$K4857,'LISTA DE INVENTARIO'!$C$22:$C4857,C34,'LISTA DE INVENTARIO'!$Q$22:$Q4857,'LISTA DE INVENTARIO'!$O$9)-SUMIFS($L$22:$L5129,$C$22:$C5129,C34))) | N34: =IF(T34=TRUE,"ENVIADO",IF(ISBLANK(C34),"",IF((AND(M34<=0)),$K$9,IF(AND(M34>0,M34<=10),$O$9,$M$9)))) | P34: =IF(ISBLANK(C34),"",L34*O34) | Q34: =IF(ISBLANK(C34),"",SUMIFS($P$22:$P5132,$C$22:$C5132,C34)-SUMIFS('LISTA DE INVENTARIO'!$N$22:$N4859,'LISTA DE INVENTARIO'!$C$22:$C4859,C34)) | T34: FALSE
B35: 14 | M35: =IF(ISBLANK(C35),"",IF('LISTA DE INVENTARIO'!$Q$22:$Q4858='LISTA DE INVENTARIO'!$O$9,SUMIFS('LISTA DE INVENTARIO'!$K$22:$K4858,'LISTA DE INVENTARIO'!$C$22:$C4858,C35,'LISTA DE INVENTARIO'!$Q$22:$Q4858,'LISTA DE INVENTARIO'!$O$9)-SUMIFS($L$22:$L5130,$C$22:$C5130,C35),SUMIFS('LISTA DE INVENTARIO'!$K$22:$K4858,'LISTA DE INVENTARIO'!$C$22:$C4858,C35,'LISTA DE INVENTARIO'!$Q$22:$Q4858,'LISTA DE INVENTARIO'!$O$9)-SUMIFS($L$22:$L5130,$C$22:$C5130,C35))) | N35: =IF(T35=TRUE,"ENVIADO",IF(ISBLANK(C35),"",IF((AND(M35<=0)),$K$9,IF(AND(M35>0,M35<=10),$O$9,$M$9)))) -> ENVIADO | P35: =IF(ISBLANK(C35),"",L35*O35) | Q35: =IF(ISBLANK(C35),"",SUMIFS($P$22:$P5133,$C$22:$C5133,C35)-SUMIFS('LISTA DE INVENTARIO'!$N$22:$N4860,'LISTA DE INVENTARIO'!$C$22:$C4860,C35)) | T35: TRUE
B36: 15 | M36: =IF(ISBLANK(C36),"",IF('LISTA DE INVENTARIO'!$Q$22:$Q4859='LISTA DE INVENTARIO'!$O$9,SUMIFS('LISTA DE INVENTARIO'!$K$22:$K4859,'LISTA DE INVENTARIO'!$C$22:$C4859,C36,'LISTA DE INVENTARIO'!$Q$22:$Q4859,'LISTA DE INVENTARIO'!$O$9)-SUMIFS($L$22:$L5131,$C$22:$C5131,C36),SUMIFS('LISTA DE INVENTARIO'!$K$22:$K4859,'LISTA DE INVENTARIO'!$C$22:$C4859,C36,'LISTA DE INVENTARIO'!$Q$22:$Q4859,'LISTA DE INVENTARIO'!$O$9)-SUMIFS($L$22:$L5131,$C$22:$C5131,C36))) | N36: =IF(T36=TRUE,"ENVIADO",IF(ISBLANK(C36),"",IF((AND(M36<=0)),$K$9,IF(AND(M36>0,M36<=10),$O$9,$M$9)))) | P36: =IF(ISBLANK(C36),"",L36*O36) | Q36: =IF(ISBLANK(C36),"",SUMIFS($P$22:$P5134,$C$22:$C5134,C36)-SUMIFS('LISTA DE INVENTARIO'!$N$22:$N4861,'LISTA DE INVENTARIO'!$C$22:$C4861,C36)) | T36: FALSE
B37: 16 | M37: =IF(ISBLANK(C37),"",IF('LISTA DE INVENTARIO'!$Q$22:$Q4860='LISTA DE INVENTARIO'!$O$9,SUMIFS('LISTA DE INVENTARIO'!$K$22:$K4860,'LISTA DE INVENTARIO'!$C$22:$C4860,C37,'LISTA DE INVENTARIO'!$Q$22:$Q4860,'LISTA DE INVENTARIO'!$O$9)-SUMIFS($L$22:$L5132,$C$22:$C5132,C37),SUMIFS('LISTA DE INVENTARIO'!$K$22:$K4860,'LISTA DE INVENTARIO'!$C$22:$C4860,C37,'LISTA DE INVENTARIO'!$Q$22:$Q4860,'LISTA DE INVENTARIO'!$O$9)-SUMIFS($L$22:$L5132,$C$22:$C5132,C37))) | N37: =IF(T37=TRUE,"ENVIADO",IF(ISBLANK(C37),"",IF((AND(M37<=0)),$K$9,IF(AND(M37>0,M37<=10),$O$9,$M$9)))) | P37: =IF(ISBLANK(C37),"",L37*O37) | Q37: =IF(ISBLANK(C37),"",SUMIFS($P$22:$P5135,$C$22:$C5135,C37)-SUMIFS('LISTA DE INVENTARIO'!$N$22:$N4862,'LISTA DE INVENTARIO'!$C$22:$C4862,C37)) | T37: FALSE
B38: 17 | M38: =IF(ISBLANK(C38),"",IF('LISTA DE INVENTARIO'!$Q$22:$Q4861='LISTA DE INVENTARIO'!$O$9,SUMIFS('LISTA DE INVENTARIO'!$K$22:$K4861,'LISTA DE INVENTARIO'!$C$22:$C4861,C38,'LISTA DE INVENTARIO'!$Q$22:$Q4861,'LISTA DE INVENTARIO'!$O$9)-SUMIFS($L$22:$L5133,$C$22:$C5133,C38),SUMIFS('LISTA DE INVENTARIO'!$K$22:$K4861,'LISTA DE INVENTARIO'!$C$22:$C4861,C38,'LISTA DE INVENTARIO'!$Q$22:$Q4861,'LISTA DE INVENTARIO'!$O$9)-SUMIFS($L$22:$L5133,$C$22:$C5133,C38))) | N38: =IF(T38=TRUE,"ENVIADO",IF(ISBLANK(C38),"",IF((AND(M38<=0)),$K$9,IF(AND(M38>0,M38<=10),$O$9,$M$9)))) | P38: =IF(ISBLANK(C38),"",L38*O38) | Q38: =IF(ISBLANK(C38),"",SUMIFS($P$22:$P5136,$C$22:$C5136,C38)-SUMIFS('LISTA DE INVENTARIO'!$N$22:$N4863,'LISTA DE INVENTARIO'!$C$22:$C4863,C38)) | T38: FALSE
B39: 18 | M39: =IF(ISBLANK(C39),"",IF('LISTA DE INVENTARIO'!$Q$22:$Q4862='LISTA DE INVENTARIO'!$O$9,SUMIFS('LISTA DE INVENTARIO'!$K$22:$K4862,'LISTA DE INVENTARIO'!$C$22:$C4862,C39,'LISTA DE INVENTARIO'!$Q$22:$Q4862,'LISTA DE INVENTARIO'!$O$9)-SUMIFS($L$22:$L5134,$C$22:$C5134,C39),SUMIFS('LISTA DE INVENTARIO'!$K$22:$K4862,'LISTA DE INVENTARIO'!$C$22:$C4862,C39,'LISTA DE INVENTARIO'!$Q$22:$Q4862,'LISTA DE INVENTARIO'!$O$9)-SUMIFS($L$22:$L5134,$C$22:$C5134,C39))) | N39: =IF(T39=TRUE,"ENVIADO",IF(ISBLANK(C39),"",IF((AND(M39<=0)),$K$9,IF(AND(M39>0,M39<=10),$O$9,$M$9)))) | P39: =IF(ISBLANK(C39),"",L39*O39) | Q39: =IF(ISBLANK(C39),"",SUMIFS($P$22:$P5137,$C$22:$C5137,C39)-SUMIFS('LISTA DE INVENTARIO'!$N$22:$N4864,'LISTA DE INVENTARIO'!$C$22:$C4864,C39)) | T39: FALSE
B40: 19 | M40: =IF(ISBLANK(C40),"",IF('LISTA DE INVENTARIO'!$Q$22:$Q4863='LISTA DE INVENTARIO'!$O$9,SUMIFS('LISTA DE INVENTARIO'!$K$22:$K4863,'LISTA DE INVENTARIO'!$C$22:$C4863,C40,'LISTA DE INVENTARIO'!$Q$22:$Q4863,'LISTA DE INVENTARIO'!$O$9)-SUMIFS($L$22:$L5135,$C$22:$C5135,C40),SUMIFS('LISTA DE INVENTARIO'!$K$22:$K4863,'LISTA DE INVENTARIO'!$C$22:$C4863,C40,'LISTA DE INVENTARIO'!$Q$22:$Q4863,'LISTA DE INVENTARIO'!$O$9)-SUMIFS($L$22:$L5135,$C$22:$C5135,C40))) | N40: =IF(T40=TRUE,"ENVIADO",IF(ISBLANK(C40),"",IF((AND(M40<=0)),$K$9,IF(AND(M40>0,M40<=10),$O$9,$M$9)))) | P40: =IF(ISBLANK(C40),"",L40*O40) | Q40: =IF(ISBLANK(C40),"",SUMIFS($P$22:$P5138,$C$22:$C5138,C40)-SUMIFS('LISTA DE INVENTARIO'!$N$22:$N4865,'LISTA DE INVENTARIO'!$C$22:$C4865,C40)) | T40: FALSE
B41: 20 | M41: =IF(ISBLANK(C41),"",IF('LISTA DE INVENTARIO'!$Q$22:$Q4864='LISTA DE INVENTARIO'!$O$9,SUMIFS('LISTA DE INVENTARIO'!$K$22:$K4864,'LISTA DE INVENTARIO'!$C$22:$C4864,C41,'LISTA DE INVENTARIO'!$Q$22:$Q4864,'LISTA DE INVENTARIO'!$O$9)-SUMIFS($L$22:$L5136,$C$22:$C5136,C41),SUMIFS('LISTA DE INVENTARIO'!$K$22:$K4864,'LISTA DE INVENTARIO'!$C$22:$C4864,C41,'LISTA DE INVENTARIO'!$Q$22:$Q4864,'LISTA DE INVENTARIO'!$O$9)-SUMIFS($L$22:$L5136,$C$22:$C5136,C41))) | N41: =IF(T41=TRUE,"ENVIADO",IF(ISBLANK(C41),"",IF((AND(M41<=0)),$K$9,IF(AND(M41>0,M41<=10),$O$9,$M$9)))) | P41: =IF(ISBLANK(C41),"",L41*O41) | Q41: =IF(ISBLANK(C41),"",SUMIFS($P$22:$P5139,$C$22:$C5139,C41)-SUMIFS('LISTA DE INVENTARIO'!$N$22:$N4866,'LISTA DE INVENTARIO'!$C$22:$C4866,C41)) | T41: FALSE
B42: 21 | M42: =IF(ISBLANK(C42),"",IF('LISTA DE INVENTARIO'!$Q$22:$Q4865='LISTA DE INVENTARIO'!$O$9,SUMIFS('LISTA DE INVENTARIO'!$K$22:$K4865,'LISTA DE INVENTARIO'!$C$22:$C4865,C42,'LISTA DE INVENTARIO'!$Q$22:$Q4865,'LISTA DE INVENTARIO'!$O$9)-SUMIFS($L$22:$L5137,$C$22:$C5137,C42),SUMIFS('LISTA DE INVENTARIO'!$K$22:$K4865,'LISTA DE INVENTARIO'!$C$22:$C4865,C42,'LISTA DE INVENTARIO'!$Q$22:$Q4865,'LISTA DE INVENTARIO'!$O$9)-SUMIFS($L$22:$L5137,$C$22:$C5137,C42))) | N42: =IF(T42=TRUE,"ENVIADO",IF(ISBLANK(C42),"",IF((AND(M42<=0)),$K$9,IF(AND(M42>0,M42<=10),$O$9,$M$9)))) | P42: =IF(ISBLANK(C42),"",L42*O42) | Q42: =IF(ISBLANK(C42),"",SUMIFS($P$22:$P5140,$C$22:$C5140,C42)-SUMIFS('LISTA DE INVENTARIO'!$N$22:$N4867,'LISTA DE INVENTARIO'!$C$22:$C4867,C42)) | T42: FALSE
B43: 22 | M43: =IF(ISBLANK(C43),"",IF('LISTA DE INVENTARIO'!$Q$22:$Q4866='LISTA DE INVENTARIO'!$O$9,SUMIFS('LISTA DE INVENTARIO'!$K$22:$K4866,'LISTA DE INVENTARIO'!$C$22:$C4866,C43,'LISTA DE INVENTARIO'!$Q$22:$Q4866,'LISTA DE INVENTARIO'!$O$9)-SUMIFS($L$22:$L5138,$C$22:$C5138,C43),SUMIFS('LISTA DE INVENTARIO'!$K$22:$K4866,'LISTA DE INVENTARIO'!$C$22:$C4866,C43,'LISTA DE INVENTARIO'!$Q$22:$Q4866,'LISTA DE INVENTARIO'!$O$9)-SUMIFS($L$22:$L5138,$C$22:$C5138,C43))) | N43: =IF(T43=TRUE,"ENVIADO",IF(ISBLANK(C43),"",IF((AND(M43<=0)),$K$9,IF(AND(M43>0,M43<=10),$O$9,$M$9)))) | P43: =IF(ISBLANK(C43),"",L43*O43) | Q43: =IF(ISBLANK(C43),"",SUMIFS($P$22:$P5141,$C$22:$C5141,C43)-SUMIFS('LISTA DE INVENTARIO'!$N$22:$N4868,'LISTA DE INVENTARIO'!$C$22:$C4868,C43)) | T43: FALSE
B44: 23 | M44: =IF(ISBLANK(C44),"",IF('LISTA DE INVENTARIO'!$Q$22:$Q4867='LISTA DE INVENTARIO'!$O$9,SUMIFS('LISTA DE INVENTARIO'!$K$22:$K4867,'LISTA DE INVENTARIO'!$C$22:$C4867,C44,'LISTA DE INVENTARIO'!$Q$22:$Q4867,'LISTA DE INVENTARIO'!$O$9)-SUMIFS($L$22:$L5139,$C$22:$C5139,C44),SUMIFS('LISTA DE INVENTARIO'!$K$22:$K4867,'LISTA DE INVENTARIO'!$C$22:$C4867,C44,'LISTA DE INVENTARIO'!$Q$22:$Q4867,'LISTA DE INVENTARIO'!$O$9)-SUMIFS($L$22:$L5139,$C$22:$C5139,C44))) | N44: =IF(T44=TRUE,"ENVIADO",IF(ISBLANK(C44),"",IF((AND(M44<=0)),$K$9,IF(AND(M44>0,M44<=10),$O$9,$M$9)))) | P44: =IF(ISBLANK(C44),"",L44*O44) | Q44: =IF(ISBLANK(C44),"",SUMIFS($P$22:$P5142,$C$22:$C5142,C44)-SUMIFS('LISTA DE INVENTARIO'!$N$22:$N4869,'LISTA DE INVENTARIO'!$C$22:$C4869,C44))
B45: 24 | M45: =IF(ISBLANK(C45),"",IF('LISTA DE INVENTARIO'!$Q$22:$Q4868='LISTA DE INVENTARIO'!$O$9,SUMIFS('LISTA DE INVENTARIO'!$K$22:$K4868,'LISTA DE INVENTARIO'!$C$22:$C4868,C45,'LISTA DE INVENTARIO'!$Q$22:$Q4868,'LISTA DE INVENTARIO'!$O$9)-SUMIFS($L$22:$L5140,$C$22:$C5140,C45),SUMIFS('LISTA DE INVENTARIO'!$K$22:$K4868,'LISTA DE INVENTARIO'!$C$22:$C4868,C45,'LISTA DE INVENTARIO'!$Q$22:$Q4868,'LISTA DE INVENTARIO'!$O$9)-SUMIFS($L$22:$L5140,$C$22:$C5140,C45))) | N45: =IF(T45=TRUE,"ENVIADO",IF(ISBLANK(C45),"",IF((AND(M45<=0)),$K$9,IF(AND(M45>0,M45<=10),$O$9,$M$9)))) | P45: =IF(ISBLANK(C45),"",L45*O45) | Q45: =IF(ISBLANK(C45),"",SUMIFS($P$22:$P5143,$C$22:$C5143,C45)-SUMIFS('LISTA DE INVENTARIO'!$N$22:$N4870,'LISTA DE INVENTARIO'!$C$22:$C4870,C45)) | T45: FALSE
B46: 25 | M46: =IF(ISBLANK(C46),"",IF('LISTA DE INVENTARIO'!$Q$22:$Q4869='LISTA DE INVENTARIO'!$O$9,SUMIFS('LISTA DE INVENTARIO'!$K$22:$K4869,'LISTA DE INVENTARIO'!$C$22:$C4869,C46,'LISTA DE INVENTARIO'!$Q$22:$Q4869,'LISTA DE INVENTARIO'!$O$9)-SUMIFS($L$22:$L5141,$C$22:$C5141,C46),SUMIFS('LISTA DE INVENTARIO'!$K$22:$K4869,'LISTA DE INVENTARIO'!$C$22:$C4869,C46,'LISTA DE INVENTARIO'!$Q$22:$Q4869,'LISTA DE INVENTARIO'!$O$9)-SUMIFS($L$22:$L5141,$C$22:$C5141,C46))) | N46: =IF(T46=TRUE,"ENVIADO",IF(ISBLANK(C46),"",IF((AND(M46<=0)),$K$9,IF(AND(M46>0,M46<=10),$O$9,$M$9)))) | P46: =IF(ISBLANK(C46),"",L46*O46) | Q46: =IF(ISBLANK(C46),"",SUMIFS($P$22:$P5144,$C$22:$C5144,C46)-SUMIFS('LISTA DE INVENTARIO'!$N$22:$N4871,'LISTA DE INVENTARIO'!$C$22:$C4871,C46)) | T46: FALSE
B47: 26 | M47: =IF(ISBLANK(C47),"",IF('LISTA DE INVENTARIO'!$Q$22:$Q4870='LISTA DE INVENTARIO'!$O$9,SUMIFS('LISTA DE INVENTARIO'!$K$22:$K4870,'LISTA DE INVENTARIO'!$C$22:$C4870,C47,'LISTA DE INVENTARIO'!$Q$22:$Q4870,'LISTA DE INVENTARIO'!$O$9)-SUMIFS($L$22:$L5142,$C$22:$C5142,C47),SUMIFS('LISTA DE INVENTARIO'!$K$22:$K4870,'LISTA DE INVENTARIO'!$C$22:$C4870,C47,'LISTA DE INVENTARIO'!$Q$22:$Q4870,'LISTA DE INVENTARIO'!$O$9)-SUMIFS($L$22:$L5142,$C$22:$C5142,C47))) | N47: =IF(T47=TRUE,"ENVIADO",IF(ISBLANK(C47),"",IF((AND(M47<=0)),$K$9,IF(AND(M47>0,M47<=10),$O$9,$M$9)))) | P47: =IF(ISBLANK(C47),"",L47*O47) | Q47: =IF(ISBLANK(C47),"",SUMIFS($P$22:$P5145,$C$22:$C5145,C47)-SUMIFS('LISTA DE INVENTARIO'!$N$22:$N4872,'LISTA DE INVENTARIO'!$C$22:$C4872,C47)) | T47: FALSE
B48: 27 | M48: =IF(ISBLANK(C48),"",IF('LISTA DE INVENTARIO'!$Q$22:$Q4871='LISTA DE INVENTARIO'!$O$9,SUMIFS('LISTA DE INVENTARIO'!$K$22:$K4871,'LISTA DE INVENTARIO'!$C$22:$C4871,C48,'LISTA DE INVENTARIO'!$Q$22:$Q4871,'LISTA DE INVENTARIO'!$O$9)-SUMIFS($L$22:$L5143,$C$22:$C5143,C48),SUMIFS('LISTA DE INVENTARIO'!$K$22:$K4871,'LISTA DE INVENTARIO'!$C$22:$C4871,C48,'LISTA DE INVENTARIO'!$Q$22:$Q4871,'LISTA DE INVENTARIO'!$O$9)-SUMIFS($L$22:$L5143,$C$22:$C5143,C48))) | N48: =IF(T48=TRUE,"ENVIADO",IF(ISBLANK(C48),"",IF((AND(M48<=0)),$K$9,IF(AND(M48>0,M48<=10),$O$9,$M$9)))) | P48: =IF(ISBLANK(C48),"",L48*O48) | Q48: =IF(ISBLANK(C48),"",SUMIFS($P$22:$P5146,$C$22:$C5146,C48)-SUMIFS('LISTA DE INVENTARIO'!$N$22:$N4873,'LISTA DE INVENTARIO'!$C$22:$C4873,C48)) | T48: FALSE
B49: 28 | M49: =IF(ISBLANK(C49),"",IF('LISTA DE INVENTARIO'!$Q$22:$Q4872='LISTA DE INVENTARIO'!$O$9,SUMIFS('LISTA DE INVENTARIO'!$K$22:$K4872,'LISTA DE INVENTARIO'!$C$22:$C4872,C49,'LISTA DE INVENTARIO'!$Q$22:$Q4872,'LISTA DE INVENTARIO'!$O$9)-SUMIFS($L$22:$L5144,$C$22:$C5144,C49),SUMIFS('LISTA DE INVENTARIO'!$K$22:$K4872,'LISTA DE INVENTARIO'!$C$22:$C4872,C49,'LISTA DE INVENTARIO'!$Q$22:$Q4872,'LISTA DE INVENTARIO'!$O$9)-SUMIFS($L$22:$L5144,$C$22:$C5144,C49))) | N49: =IF(T49=TRUE,"ENVIADO",IF(ISBLANK(C49),"",IF((AND(M49<=0)),$K$9,IF(AND(M49>0,M49<=10),$O$9,$M$9)))) | P49: =IF(ISBLANK(C49),"",L49*O49) | Q49: =IF(ISBLANK(C49),"",SUMIFS($P$22:$P5147,$C$22:$C5147,C49)-SUMIFS('LISTA DE INVENTARIO'!$N$22:$N4874,'LISTA DE INVENTARIO'!$C$22:$C4874,C49)) | T49: FALSE
B50: 29 | M50: =IF(ISBLANK(C50),"",IF('LISTA DE INVENTARIO'!$Q$22:$Q4873='LISTA DE INVENTARIO'!$O$9,SUMIFS('LISTA DE INVENTARIO'!$K$22:$K4873,'LISTA DE INVENTARIO'!$C$22:$C4873,C50,'LISTA DE INVENTARIO'!$Q$22:$Q4873,'LISTA DE INVENTARIO'!$O$9)-SUMIFS($L$22:$L5145,$C$22:$C5145,C50),SUMIFS('LISTA DE INVENTARIO'!$K$22:$K4873,'LISTA DE INVENTARIO'!$C$22:$C4873,C50,'LISTA DE INVENTARIO'!$Q$22:$Q4873,'LISTA DE INVENTARIO'!$O$9)-SUMIFS($L$22:$L5145,$C$22:$C5145,C50))) | N50: =IF(T50=TRUE,"ENVIADO",IF(ISBLANK(C50),"",IF((AND(M50<=0)),$K$9,IF(AND(M50>0,M50<=10),$O$9,$M$9)))) | P50: =IF(ISBLANK(C50),"",L50*O50) | Q50: =IF(ISBLANK(C50),"",SUMIFS($P$22:$P5148,$C$22:$C5148,C50)-SUMIFS('LISTA DE INVENTARIO'!$N$22:$N4875,'LISTA DE INVENTARIO'!$C$22:$C4875,C50)) | T50: FALSE
B51: 30 | M51: =IF(ISBLANK(C51),"",IF('LISTA DE INVENTARIO'!$Q$22:$Q4874='LISTA DE INVENTARIO'!$O$9,SUMIFS('LISTA DE INVENTARIO'!$K$22:$K4874,'LISTA DE INVENTARIO'!$C$22:$C4874,C51,'LISTA DE INVENTARIO'!$Q$22:$Q4874,'LISTA DE INVENTARIO'!$O$9)-SUMIFS($L$22:$L5146,$C$22:$C5146,C51),SUMIFS('LISTA DE INVENTARIO'!$K$22:$K4874,'LISTA DE INVENTARIO'!$C$22:$C4874,C51,'LISTA DE INVENTARIO'!$Q$22:$Q4874,'LISTA DE INVENTARIO'!$O$9)-SUMIFS($L$22:$L5146,$C$22:$C5146,C51))) | N51: =IF(T51=TRUE,"ENVIADO",IF(ISBLANK(C51),"",IF((AND(M51<=0)),$K$9,IF(AND(M51>0,M51<=10),$O$9,$M$9)))) | P51: =IF(ISBLANK(C51),"",L51*O51) | Q51: =IF(ISBLANK(C51),"",SUMIFS($P$22:$P5149,$C$22:$C5149,C51)-SUMIFS('LISTA DE INVENTARIO'!$N$22:$N4876,'LISTA DE INVENTARIO'!$C$22:$C4876,C51)) | T51: FALSE
B52: 31 | M52: =IF(ISBLANK(C52),"",IF('LISTA DE INVENTARIO'!$Q$22:$Q4875='LISTA DE INVENTARIO'!$O$9,SUMIFS('LISTA DE INVENTARIO'!$K$22:$K4875,'LISTA DE INVENTARIO'!$C$22:$C4875,C52,'LISTA DE INVENTARIO'!$Q$22:$Q4875,'LISTA DE INVENTARIO'!$O$9)-SUMIFS($L$22:$L5147,$C$22:$C5147,C52),SUMIFS('LISTA DE INVENTARIO'!$K$22:$K4875,'LISTA DE INVENTARIO'!$C$22:$C4875,C52,'LISTA DE INVENTARIO'!$Q$22:$Q4875,'LISTA DE INVENTARIO'!$O$9)-SUMIFS($L$22:$L5147,$C$22:$C5147,C52))) | N52: =IF(T52=TRUE,"ENVIADO",IF(ISBLANK(C52),"",IF((AND(M52<=0)),$K$9,IF(AND(M52>0,M52<=10),$O$9,$M$9)))) | P52: =IF(ISBLANK(C52),"",L52*O52) | Q52: =IF(ISBLANK(C52),"",SUMIFS($P$22:$P5150,$C$22:$C5150,C52)-SUMIFS('LISTA DE INVENTARIO'!$N$22:$N4877,'LISTA DE INVENTARIO'!$C$22:$C4877,C52)) | T52: FALSE
B53: 32 | M53: =IF(ISBLANK(C53),"",IF('LISTA DE INVENTARIO'!$Q$22:$Q4876='LISTA DE INVENTARIO'!$O$9,SUMIFS('LISTA DE INVENTARIO'!$K$22:$K4876,'LISTA DE INVENTARIO'!$C$22:$C4876,C53,'LISTA DE INVENTARIO'!$Q$22:$Q4876,'LISTA DE INVENTARIO'!$O$9)-SUMIFS($L$22:$L5148,$C$22:$C5148,C53),SUMIFS('LISTA DE INVENTARIO'!$K$22:$K4876,'LISTA DE INVENTARIO'!$C$22:$C4876,C53,'LISTA DE INVENTARIO'!$Q$22:$Q4876,'LISTA DE INVENTARIO'!$O$9)-SUMIFS($L$22:$L5148,$C$22:$C5148,C53))) | N53: =IF(T53=TRUE,"ENVIADO",IF(ISBLANK(C53),"",IF((AND(M53<=0)),$K$9,IF(AND(M53>0,M53<=10),$O$9,$M$9)))) | P53: =IF(ISBLANK(C53),"",L53*O53) | Q53: =IF(ISBLANK(C53),"",SUMIFS($P$22:$P5151,$C$22:$C5151,C53)-SUMIFS('LISTA DE INVENTARIO'!$N$22:$N4878,'LISTA DE INVENTARIO'!$C$22:$C4878,C53)) | T53: FALSE
B54: 33 | M54: =IF(ISBLANK(C54),"",IF('LISTA DE INVENTARIO'!$Q$22:$Q4877='LISTA DE INVENTARIO'!$O$9,SUMIFS('LISTA DE INVENTARIO'!$K$22:$K4877,'LISTA DE INVENTARIO'!$C$22:$C4877,C54,'LISTA DE INVENTARIO'!$Q$22:$Q4877,'LISTA DE INVENTARIO'!$O$9)-SUMIFS($L$22:$L5149,$C$22:$C5149,C54),SUMIFS('LISTA DE INVENTARIO'!$K$22:$K4877,'LISTA DE INVENTARIO'!$C$22:$C4877,C54,'LISTA DE INVENTARIO'!$Q$22:$Q4877,'LISTA DE INVENTARIO'!$O$9)-SUMIFS($L$22:$L5149,$C$22:$C5149,C54))) | N54: =IF(T54=TRUE,"ENVIADO",IF(ISBLANK(C54),"",IF((AND(M54<=0)),$K$9,IF(AND(M54>0,M54<=10),$O$9,$M$9)))) | P54: =IF(ISBLANK(C54),"",L54*O54) | Q54: =IF(ISBLANK(C54),"",SUMIFS($P$22:$P5152,$C$22:$C5152,C54)-SUMIFS('LISTA DE INVENTARIO'!$N$22:$N4879,'LISTA DE INVENTARIO'!$C$22:$C4879,C54)) | T54: FALSE
B55: 34 | M55: =IF(ISBLANK(C55),"",IF('LISTA DE INVENTARIO'!$Q$22:$Q4878='LISTA DE INVENTARIO'!$O$9,SUMIFS('LISTA DE INVENTARIO'!$K$22:$K4878,'LISTA DE INVENTARIO'!$C$22:$C4878,C55,'LISTA DE INVENTARIO'!$Q$22:$Q4878,'LISTA DE INVENTARIO'!$O$9)-SUMIFS($L$22:$L5150,$C$22:$C5150,C55),SUMIFS('LISTA DE INVENTARIO'!$K$22:$K4878,'LISTA DE INVENTARIO'!$C$22:$C4878,C55,'LISTA DE INVENTARIO'!$Q$22:$Q4878,'LISTA DE INVENTARIO'!$O$9)-SUMIFS($L$22:$L5150,$C$22:$C5150,C55))) | N55: =IF(T55=TRUE,"ENVIADO",IF(ISBLANK(C55),"",IF((AND(M55<=0)),$K$9,IF(AND(M55>0,M55<=10),$O$9,$M$9)))) | P55: =IF(ISBLANK(C55),"",L55*O55) | Q55: =IF(ISBLANK(C55),"",SUMIFS($P$22:$P5153,$C$22:$C5153,C55)-SUMIFS('LISTA DE INVENTARIO'!$N$22:$N4880,'LISTA DE INVENTARIO'!$C$22:$C4880,C55)) | T55: FALSE
B56: 35 | M56: =IF(ISBLANK(C56),"",IF('LISTA DE INVENTARIO'!$Q$22:$Q4879='LISTA DE INVENTARIO'!$O$9,SUMIFS('LISTA DE INVENTARIO'!$K$22:$K4879,'LISTA DE INVENTARIO'!$C$22:$C4879,C56,'LISTA DE INVENTARIO'!$Q$22:$Q4879,'LISTA DE INVENTARIO'!$O$9)-SUMIFS($L$22:$L5151,$C$22:$C5151,C56),SUMIFS('LISTA DE INVENTARIO'!$K$22:$K4879,'LISTA DE INVENTARIO'!$C$22:$C4879,C56,'LISTA DE INVENTARIO'!$Q$22:$Q4879,'LISTA DE INVENTARIO'!$O$9)-SUMIFS($L$22:$L5151,$C$22:$C5151,C56))) | N56: =IF(T56=TRUE,"ENVIADO",IF(ISBLANK(C56),"",IF((AND(M56<=0)),$K$9,IF(AND(M56>0,M56<=10),$O$9,$M$9)))) | P56: =IF(ISBLANK(C56),"",L56*O56) | Q56: =IF(ISBLANK(C56),"",SUMIFS($P$22:$P5154,$C$22:$C5154,C56)-SUMIFS('LISTA DE INVENTARIO'!$N$22:$N4881,'LISTA DE INVENTARIO'!$C$22:$C4881,C56)) | T56: FALSE
... B112: 91 | M112: =IF(ISBLANK(C112),"",IF('LISTA DE INVENTARIO'!$Q$22:$Q4935='LISTA DE INVENTARIO'!$O$9,SUMIFS('LISTA DE INVENTARIO'!$K$22:$K4935,'LISTA DE INVENTARIO'!$C$22:$C4935,C112,'LISTA DE INVENTARIO'!$Q$22:$Q4935,'LISTA DE INVENTARIO'!$O$9)-SUMIFS($L$22:$L5207,$C$22:$C5207,C112),SUMIFS('LISTA DE INVENTARIO'!$K$22:$K4935,'LISTA DE INVENTARIO'!$C$22:$C4935,C112,'LISTA DE INVENTARIO'!$Q$22:$Q4935,'LISTA DE INVENTARIO'!$O$9)-SUMIFS($L$22:$L5207,$C$22:$C5207,C112))) | N112: =IF(T112=TRUE,"ENVIADO",IF(ISBLANK(C112),"",IF((AND(M112<=0)),$K$9,IF(AND(M112>0,M112<=10),$O$9,$M$9)))) | P112: =IF(ISBLANK(C112),"",L112*O112) | Q112: =IF(ISBLANK(C112),"",SUMIFS($P$22:$P5210,$C$22:$C5210,C112)-SUMIFS('LISTA DE INVENTARIO'!$N$22:$N4937,'LISTA DE INVENTARIO'!$C$22:$C4937,C112)) | T112: FALSE
B113: 92 | M113: =IF(ISBLANK(C113),"",IF('LISTA DE INVENTARIO'!$Q$22:$Q4936='LISTA DE INVENTARIO'!$O$9,SUMIFS('LISTA DE INVENTARIO'!$K$22:$K4936,'LISTA DE INVENTARIO'!$C$22:$C4936,C113,'LISTA DE INVENTARIO'!$Q$22:$Q4936,'LISTA DE INVENTARIO'!$O$9)-SUMIFS($L$22:$L5208,$C$22:$C5208,C113),SUMIFS('LISTA DE INVENTARIO'!$K$22:$K4936,'LISTA DE INVENTARIO'!$C$22:$C4936,C113,'LISTA DE INVENTARIO'!$Q$22:$Q4936,'LISTA DE INVENTARIO'!$O$9)-SUMIFS($L$22:$L5208,$C$22:$C5208,C113))) | N113: =IF(T113=TRUE,"ENVIADO",IF(ISBLANK(C113),"",IF((AND(M113<=0)),$K$9,IF(AND(M113>0,M113<=10),$O$9,$M$9)))) | P113: =IF(ISBLANK(C113),"",L113*O113) | Q113: =IF(ISBLANK(C113),"",SUMIFS($P$22:$P5211,$C$22:$C5211,C113)-SUMIFS('LISTA DE INVENTARIO'!$N$22:$N4938,'LISTA DE INVENTARIO'!$C$22:$C4938,C113))
B114: 93 | M114: =IF(ISBLANK(C114),"",IF('LISTA DE INVENTARIO'!$Q$22:$Q4937='LISTA DE INVENTARIO'!$O$9,SUMIFS('LISTA DE INVENTARIO'!$K$22:$K4937,'LISTA DE INVENTARIO'!$C$22:$C4937,C114,'LISTA DE INVENTARIO'!$Q$22:$Q4937,'LISTA DE INVENTARIO'!$O$9)-SUMIFS($L$22:$L5209,$C$22:$C5209,C114),SUMIFS('LISTA DE INVENTARIO'!$K$22:$K4937,'LISTA DE INVENTARIO'!$C$22:$C4937,C114,'LISTA DE INVENTARIO'!$Q$22:$Q4937,'LISTA DE INVENTARIO'!$O$9)-SUMIFS($L$22:$L5209,$C$22:$C5209,C114))) | N114: =IF(T114=TRUE,"ENVIADO",IF(ISBLANK(C114),"",IF((AND(M114<=0)),$K$9,IF(AND(M114>0,M114<=10),$O$9,$M$9)))) | P114: =IF(ISBLANK(C114),"",L114*O114) | Q114: =IF(ISBLANK(C114),"",SUMIFS($P$22:$P5212,$C$22:$C5212,C114)-SUMIFS('LISTA DE INVENTARIO'!$N$22:$N4939,'LISTA DE INVENTARIO'!$C$22:$C4939,C114))
B115: 94 | M115: =IF(ISBLANK(C115),"",IF('LISTA DE INVENTARIO'!$Q$22:$Q4938='LISTA DE INVENTARIO'!$O$9,SUMIFS('LISTA DE INVENTARIO'!$K$22:$K4938,'LISTA DE INVENTARIO'!$C$22:$C4938,C115,'LISTA DE INVENTARIO'!$Q$22:$Q4938,'LISTA DE INVENTARIO'!$O$9)-SUMIFS($L$22:$L5210,$C$22:$C5210,C115),SUMIFS('LISTA DE INVENTARIO'!$K$22:$K4938,'LISTA DE INVENTARIO'!$C$22:$C4938,C115,'LISTA DE INVENTARIO'!$Q$22:$Q4938,'LISTA DE INVENTARIO'!$O$9)-SUMIFS($L$22:$L5210,$C$22:$C5210,C115))) | N115: =IF(T115=TRUE,"ENVIADO",IF(ISBLANK(C115),"",IF((AND(M115<=0)),$K$9,IF(AND(M115>0,M115<=10),$O$9,$M$9)))) | P115: =IF(ISBLANK(C115),"",L115*O115) | Q115: =IF(ISBLANK(C115),"",SUMIFS($P$22:$P5213,$C$22:$C5213,C115)-SUMIFS('LISTA DE INVENTARIO'!$N$22:$N4940,'LISTA DE INVENTARIO'!$C$22:$C4940,C115))
B116: 95 | M116: =IF(ISBLANK(C116),"",IF('LISTA DE INVENTARIO'!$Q$22:$Q4939='LISTA DE INVENTARIO'!$O$9,SUMIFS('LISTA DE INVENTARIO'!$K$22:$K4939,'LISTA DE INVENTARIO'!$C$22:$C4939,C116,'LISTA DE INVENTARIO'!$Q$22:$Q4939,'LISTA DE INVENTARIO'!$O$9)-SUMIFS($L$22:$L5211,$C$22:$C5211,C116),SUMIFS('LISTA DE INVENTARIO'!$K$22:$K4939,'LISTA DE INVENTARIO'!$C$22:$C4939,C116,'LISTA DE INVENTARIO'!$Q$22:$Q4939,'LISTA DE INVENTARIO'!$O$9)-SUMIFS($L$22:$L5211,$C$22:$C5211,C116))) | N116: =IF(T116=TRUE,"ENVIADO",IF(ISBLANK(C116),"",IF((AND(M116<=0)),$K$9,IF(AND(M116>0,M116<=10),$O$9,$M$9)))) | P116: =IF(ISBLANK(C116),"",L116*O116) | Q116: =IF(ISBLANK(C116),"",SUMIFS($P$22:$P5214,$C$22:$C5214,C116)-SUMIFS('LISTA DE INVENTARIO'!$N$22:$N4941,'LISTA DE INVENTARIO'!$C$22:$C4941,C116))
B117: 96 | M117: =IF(ISBLANK(C117),"",IF('LISTA DE INVENTARIO'!$Q$22:$Q4940='LISTA DE INVENTARIO'!$O$9,SUMIFS('LISTA DE INVENTARIO'!$K$22:$K4940,'LISTA DE INVENTARIO'!$C$22:$C4940,C117,'LISTA DE INVENTARIO'!$Q$22:$Q4940,'LISTA DE INVENTARIO'!$O$9)-SUMIFS($L$22:$L5212,$C$22:$C5212,C117),SUMIFS('LISTA DE INVENTARIO'!$K$22:$K4940,'LISTA DE INVENTARIO'!$C$22:$C4940,C117,'LISTA DE INVENTARIO'!$Q$22:$Q4940,'LISTA DE INVENTARIO'!$O$9)-SUMIFS($L$22:$L5212,$C$22:$C5212,C117))) | N117: =IF(T117=TRUE,"ENVIADO",IF(ISBLANK(C117),"",IF((AND(M117<=0)),$K$9,IF(AND(M117>0,M117<=10),$O$9,$M$9)))) | P117: =IF(ISBLANK(C117),"",L117*O117) | Q117: =IF(ISBLANK(C117),"",SUMIFS($P$22:$P5215,$C$22:$C5215,C117)-SUMIFS('LISTA DE INVENTARIO'!$N$22:$N4942,'LISTA DE INVENTARIO'!$C$22:$C4942,C117))
B118: 97 | M118: =IF(ISBLANK(C118),"",IF('LISTA DE INVENTARIO'!$Q$22:$Q4941='LISTA DE INVENTARIO'!$O$9,SUMIFS('LISTA DE INVENTARIO'!$K$22:$K4941,'LISTA DE INVENTARIO'!$C$22:$C4941,C118,'LISTA DE INVENTARIO'!$Q$22:$Q4941,'LISTA DE INVENTARIO'!$O$9)-SUMIFS($L$22:$L5213,$C$22:$C5213,C118),SUMIFS('LISTA DE INVENTARIO'!$K$22:$K4941,'LISTA DE INVENTARIO'!$C$22:$C4941,C118,'LISTA DE INVENTARIO'!$Q$22:$Q4941,'LISTA DE INVENTARIO'!$O$9)-SUMIFS($L$22:$L5213,$C$22:$C5213,C118))) | N118: =IF(T118=TRUE,"ENVIADO",IF(ISBLANK(C118),"",IF((AND(M118<=0)),$K$9,IF(AND(M118>0,M118<=10),$O$9,$M$9)))) | P118: =IF(ISBLANK(C118),"",L118*O118) | Q118: =IF(ISBLANK(C118),"",SUMIFS($P$22:$P5216,$C$22:$C5216,C118)-SUMIFS('LISTA DE INVENTARIO'!$N$22:$N4943,'LISTA DE INVENTARIO'!$C$22:$C4943,C118))
B119: 98 | M119: =IF(ISBLANK(C119),"",IF('LISTA DE INVENTARIO'!$Q$22:$Q4942='LISTA DE INVENTARIO'!$O$9,SUMIFS('LISTA DE INVENTARIO'!$K$22:$K4942,'LISTA DE INVENTARIO'!$C$22:$C4942,C119,'LISTA DE INVENTARIO'!$Q$22:$Q4942,'LISTA DE INVENTARIO'!$O$9)-SUMIFS($L$22:$L5214,$C$22:$C5214,C119),SUMIFS('LISTA DE INVENTARIO'!$K$22:$K4942,'LISTA DE INVENTARIO'!$C$22:$C4942,C119,'LISTA DE INVENTARIO'!$Q$22:$Q4942,'LISTA DE INVENTARIO'!$O$9)-SUMIFS($L$22:$L5214,$C$22:$C5214,C119))) | N119: =IF(T119=TRUE,"ENVIADO",IF(ISBLANK(C119),"",IF((AND(M119<=0)),$K$9,IF(AND(M119>0,M119<=10),$O$9,$M$9)))) | P119: =IF(ISBLANK(C119),"",L119*O119) | Q119: =IF(ISBLANK(C119),"",SUMIFS($P$22:$P5217,$C$22:$C5217,C119)-SUMIFS('LISTA DE INVENTARIO'!$N$22:$N4944,'LISTA DE INVENTARIO'!$C$22:$C4944,C119))
B120: 99 | M120: =IF(ISBLANK(C120),"",IF('LISTA DE INVENTARIO'!$Q$22:$Q4943='LISTA DE INVENTARIO'!$O$9,SUMIFS('LISTA DE INVENTARIO'!$K$22:$K4943,'LISTA DE INVENTARIO'!$C$22:$C4943,C120,'LISTA DE INVENTARIO'!$Q$22:$Q4943,'LISTA DE INVENTARIO'!$O$9)-SUMIFS($L$22:$L5215,$C$22:$C5215,C120),SUMIFS('LISTA DE INVENTARIO'!$K$22:$K4943,'LISTA DE INVENTARIO'!$C$22:$C4943,C120,'LISTA DE INVENTARIO'!$Q$22:$Q4943,'LISTA DE INVENTARIO'!$O$9)-SUMIFS($L$22:$L5215,$C$22:$C5215,C120))) | N120: =IF(T120=TRUE,"ENVIADO",IF(ISBLANK(C120),"",IF((AND(M120<=0)),$K$9,IF(AND(M120>0,M120<=10),$O$9,$M$9)))) | P120: =IF(ISBLANK(C120),"",L120*O120) | Q120: =IF(ISBLANK(C120),"",SUMIFS($P$22:$P5218,$C$22:$C5218,C120)-SUMIFS('LISTA DE INVENTARIO'!$N$22:$N4945,'LISTA DE INVENTARIO'!$C$22:$C4945,C120))
B121: 100 | M121: =IF(ISBLANK(C121),"",IF('LISTA DE INVENTARIO'!$Q$22:$Q4944='LISTA DE INVENTARIO'!$O$9,SUMIFS('LISTA DE INVENTARIO'!$K$22:$K4944,'LISTA DE INVENTARIO'!$C$22:$C4944,C121,'LISTA DE INVENTARIO'!$Q$22:$Q4944,'LISTA DE INVENTARIO'!$O$9)-SUMIFS($L$22:$L5216,$C$22:$C5216,C121),SUMIFS('LISTA DE INVENTARIO'!$K$22:$K4944,'LISTA DE INVENTARIO'!$C$22:$C4944,C121,'LISTA DE INVENTARIO'!$Q$22:$Q4944,'LISTA DE INVENTARIO'!$O$9)-SUMIFS($L$22:$L5216,$C$22:$C5216,C121))) | N121: =IF(T121=TRUE,"ENVIADO",IF(ISBLANK(C121),"",IF((AND(M121<=0)),$K$9,IF(AND(M121>0,M121<=10),$O$9,$M$9)))) | P121: =IF(ISBLANK(C121),"",L121*O121) | Q121: =IF(ISBLANK(C121),"",SUMIFS($P$22:$P5219,$C$22:$C5219,C121)-SUMIFS('LISTA DE INVENTARIO'!$N$22:$N4946,'LISTA DE INVENTARIO'!$C$22:$C4946,C121)) | T121: FALSE
B122: 101 | M122: =IF(ISBLANK(C122),"",IF('LISTA DE INVENTARIO'!$Q$22:$Q4945='LISTA DE INVENTARIO'!$O$9,SUMIFS('LISTA DE INVENTARIO'!$K$22:$K4945,'LISTA DE INVENTARIO'!$C$22:$C4945,C122,'LISTA DE INVENTARIO'!$Q$22:$Q4945,'LISTA DE INVENTARIO'!$O$9)-SUMIFS($L$22:$L5217,$C$22:$C5217,C122),SUMIFS('LISTA DE INVENTARIO'!$K$22:$K4945,'LISTA DE INVENTARIO'!$C$22:$C4945,C122,'LISTA DE INVENTARIO'!$Q$22:$Q4945,'LISTA DE INVENTARIO'!$O$9)-SUMIFS($L$22:$L5217,$C$22:$C5217,C122))) | N122: =IF(T122=TRUE,"ENVIADO",IF(ISBLANK(C122),"",IF((AND(M122<=0)),$K$9,IF(AND(M122>0,M122<=10),$O$9,$M$9)))) | P122: =IF(ISBLANK(C122),"",L122*O122) | Q122: =IF(ISBLANK(C122),"",SUMIFS($P$22:$P5220,$C$22:$C5220,C122)-SUMIFS('LISTA DE INVENTARIO'!$N$22:$N4947,'LISTA DE INVENTARIO'!$C$22:$C4947,C122)) | T122: FALSE
B123: 102 | M123: =IF(ISBLANK(C123),"",IF('LISTA DE INVENTARIO'!$Q$22:$Q4946='LISTA DE INVENTARIO'!$O$9,SUMIFS('LISTA DE INVENTARIO'!$K$22:$K4946,'LISTA DE INVENTARIO'!$C$22:$C4946,C123,'LISTA DE INVENTARIO'!$Q$22:$Q4946,'LISTA DE INVENTARIO'!$O$9)-SUMIFS($L$22:$L5218,$C$22:$C5218,C123),SUMIFS('LISTA DE INVENTARIO'!$K$22:$K4946,'LISTA DE INVENTARIO'!$C$22:$C4946,C123,'LISTA DE INVENTARIO'!$Q$22:$Q4946,'LISTA DE INVENTARIO'!$O$9)-SUMIFS($L$22:$L5218,$C$22:$C5218,C123))) | N123: =IF(T123=TRUE,"ENVIADO",IF(ISBLANK(C123),"",IF((AND(M123<=0)),$K$9,IF(AND(M123>0,M123<=10),$O$9,$M$9)))) | P123: =IF(ISBLANK(C123),"",L123*O123) | Q123: =IF(ISBLANK(C123),"",SUMIFS($P$22:$P5221,$C$22:$C5221,C123)-SUMIFS('LISTA DE INVENTARIO'!$N$22:$N4948,'LISTA DE INVENTARIO'!$C$22:$C4948,C123)) | T123: FALSE
B124: 103 | M124: =IF(ISBLANK(C124),"",IF('LISTA DE INVENTARIO'!$Q$22:$Q4947='LISTA DE INVENTARIO'!$O$9,SUMIFS('LISTA DE INVENTARIO'!$K$22:$K4947,'LISTA DE INVENTARIO'!$C$22:$C4947,C124,'LISTA DE INVENTARIO'!$Q$22:$Q4947,'LISTA DE INVENTARIO'!$O$9)-SUMIFS($L$22:$L5219,$C$22:$C5219,C124),SUMIFS('LISTA DE INVENTARIO'!$K$22:$K4947,'LISTA DE INVENTARIO'!$C$22:$C4947,C124,'LISTA DE INVENTARIO'!$Q$22:$Q4947,'LISTA DE INVENTARIO'!$O$9)-SUMIFS($L$22:$L5219,$C$22:$C5219,C124))) | N124: =IF(T124=TRUE,"ENVIADO",IF(ISBLANK(C124),"",IF((AND(M124<=0)),$K$9,IF(AND(M124>0,M124<=10),$O$9,$M$9)))) | P124: =IF(ISBLANK(C124),"",L124*O124) | Q124: =IF(ISBLANK(C124),"",SUMIFS($P$22:$P5222,$C$22:$C5222,C124)-SUMIFS('LISTA DE INVENTARIO'!$N$22:$N4949,'LISTA DE INVENTARIO'!$C$22:$C4949,C124)) | T124: FALSE
B125: 104 | M125: =IF(ISBLANK(C125),"",IF('LISTA DE INVENTARIO'!$Q$22:$Q4948='LISTA DE INVENTARIO'!$O$9,SUMIFS('LISTA DE INVENTARIO'!$K$22:$K4948,'LISTA DE INVENTARIO'!$C$22:$C4948,C125,'LISTA DE INVENTARIO'!$Q$22:$Q4948,'LISTA DE INVENTARIO'!$O$9)-SUMIFS($L$22:$L5220,$C$22:$C5220,C125),SUMIFS('LISTA DE INVENTARIO'!$K$22:$K4948,'LISTA DE INVENTARIO'!$C$22:$C4948,C125,'LISTA DE INVENTARIO'!$Q$22:$Q4948,'LISTA DE INVENTARIO'!$O$9)-SUMIFS($L$22:$L5220,$C$22:$C5220,C125))) | N125: =IF(T125=TRUE,"ENVIADO",IF(ISBLANK(C125),"",IF((AND(M125<=0)),$K$9,IF(AND(M125>0,M125<=10),$O$9,$M$9)))) | P125: =IF(ISBLANK(C125),"",L125*O125) | Q125: =IF(ISBLANK(C125),"",SUMIFS($P$22:$P5223,$C$22:$C5223,C125)-SUMIFS('LISTA DE INVENTARIO'!$N$22:$N4950,'LISTA DE INVENTARIO'!$C$22:$C4950,C125)) | T125: FALSE
B126: 105 | M126: =IF(ISBLANK(C126),"",IF('LISTA DE INVENTARIO'!$Q$22:$Q4949='LISTA DE INVENTARIO'!$O$9,SUMIFS('LISTA DE INVENTARIO'!$K$22:$K4949,'LISTA DE INVENTARIO'!$C$22:$C4949,C126,'LISTA DE INVENTARIO'!$Q$22:$Q4949,'LISTA DE INVENTARIO'!$O$9)-SUMIFS($L$22:$L5221,$C$22:$C5221,C126),SUMIFS('LISTA DE INVENTARIO'!$K$22:$K4949,'LISTA DE INVENTARIO'!$C$22:$C4949,C126,'LISTA DE INVENTARIO'!$Q$22:$Q4949,'LISTA DE INVENTARIO'!$O$9)-SUMIFS($L$22:$L5221,$C$22:$C5221,C126))) | N126: =IF(T126=TRUE,"ENVIADO",IF(ISBLANK(C126),"",IF((AND(M126<=0)),$K$9,IF(AND(M126>0,M126<=10),$O$9,$M$9)))) | P126: =IF(ISBLANK(C126),"",L126*O126) | Q126: =IF(ISBLANK(C126),"",SUMIFS($P$22:$P5224,$C$22:$C5224,C126)-SUMIFS('LISTA DE INVENTARIO'!$N$22:$N4951,'LISTA DE INVENTARIO'!$C$22:$C4951,C126)) | T126: FALSE
B127: 106 | M127: =IF(ISBLANK(C127),"",IF('LISTA DE INVENTARIO'!$Q$22:$Q4950='LISTA DE INVENTARIO'!$O$9,SUMIFS('LISTA DE INVENTARIO'!$K$22:$K4950,'LISTA DE INVENTARIO'!$C$22:$C4950,C127,'LISTA DE INVENTARIO'!$Q$22:$Q4950,'LISTA DE INVENTARIO'!$O$9)-SUMIFS($L$22:$L5222,$C$22:$C5222,C127),SUMIFS('LISTA DE INVENTARIO'!$K$22:$K4950,'LISTA DE INVENTARIO'!$C$22:$C4950,C127,'LISTA DE INVENTARIO'!$Q$22:$Q4950,'LISTA DE INVENTARIO'!$O$9)-SUMIFS($L$22:$L5222,$C$22:$C5222,C127))) | N127: =IF(T127=TRUE,"ENVIADO",IF(ISBLANK(C127),"",IF((AND(M127<=0)),$K$9,IF(AND(M127>0,M127<=10),$O$9,$M$9)))) | P127: =IF(ISBLANK(C127),"",L127*O127) | Q127: =IF(ISBLANK(C127),"",SUMIFS($P$22:$P5225,$C$22:$C5225,C127)-SUMIFS('LISTA DE INVENTARIO'!$N$22:$N4952,'LISTA DE INVENTARIO'!$C$22:$C4952,C127)) | T127: FALSE
B128: 107 | M128: =IF(ISBLANK(C128),"",IF('LISTA DE INVENTARIO'!$Q$22:$Q4951='LISTA DE INVENTARIO'!$O$9,SUMIFS('LISTA DE INVENTARIO'!$K$22:$K4951,'LISTA DE INVENTARIO'!$C$22:$C4951,C128,'LISTA DE INVENTARIO'!$Q$22:$Q4951,'LISTA DE INVENTARIO'!$O$9)-SUMIFS($L$22:$L5223,$C$22:$C5223,C128),SUMIFS('LISTA DE INVENTARIO'!$K$22:$K4951,'LISTA DE INVENTARIO'!$C$22:$C4951,C128,'LISTA DE INVENTARIO'!$Q$22:$Q4951,'LISTA DE INVENTARIO'!$O$9)-SUMIFS($L$22:$L5223,$C$22:$C5223,C128))) | N128: =IF(T128=TRUE,"ENVIADO",IF(ISBLANK(C128),"",IF((AND(M128<=0)),$K$9,IF(AND(M128>0,M128<=10),$O$9,$M$9)))) | P128: =IF(ISBLANK(C128),"",L128*O128) | Q128: =IF(ISBLANK(C128),"",SUMIFS($P$22:$P5226,$C$22:$C5226,C128)-SUMIFS('LISTA DE INVENTARIO'!$N$22:$N4953,'LISTA DE INVENTARIO'!$C$22:$C4953,C128)) | T128: FALSE
B129: 108 | M129: =IF(ISBLANK(C129),"",IF('LISTA DE INVENTARIO'!$Q$22:$Q4952='LISTA DE INVENTARIO'!$O$9,SUMIFS('LISTA DE INVENTARIO'!$K$22:$K4952,'LISTA DE INVENTARIO'!$C$22:$C4952,C129,'LISTA DE INVENTARIO'!$Q$22:$Q4952,'LISTA DE INVENTARIO'!$O$9)-SUMIFS($L$22:$L5224,$C$22:$C5224,C129),SUMIFS('LISTA DE INVENTARIO'!$K$22:$K4952,'LISTA DE INVENTARIO'!$C$22:$C4952,C129,'LISTA DE INVENTARIO'!$Q$22:$Q4952,'LISTA DE INVENTARIO'!$O$9)-SUMIFS($L$22:$L5224,$C$22:$C5224,C129))) | N129: =IF(T129=TRUE,"ENVIADO",IF(ISBLANK(C129),"",IF((AND(M129<=0)),$K$9,IF(AND(M129>0,M129<=10),$O$9,$M$9)))) | P129: =IF(ISBLANK(C129),"",L129*O129) | Q129: =IF(ISBLANK(C129),"",SUMIFS($P$22:$P5227,$C$22:$C5227,C129)-SUMIFS('LISTA DE INVENTARIO'!$N$22:$N4954,'LISTA DE INVENTARIO'!$C$22:$C4954,C129)) | T129: FALSE
B130: 109 | M130: =IF(ISBLANK(C130),"",IF('LISTA DE INVENTARIO'!$Q$22:$Q4953='LISTA DE INVENTARIO'!$O$9,SUMIFS('LISTA DE INVENTARIO'!$K$22:$K4953,'LISTA DE INVENTARIO'!$C$22:$C4953,C130,'LISTA DE INVENTARIO'!$Q$22:$Q4953,'LISTA DE INVENTARIO'!$O$9)-SUMIFS($L$22:$L5225,$C$22:$C5225,C130),SUMIFS('LISTA DE INVENTARIO'!$K$22:$K4953,'LISTA DE INVENTARIO'!$C$22:$C4953,C130,'LISTA DE INVENTARIO'!$Q$22:$Q4953,'LISTA DE INVENTARIO'!$O$9)-SUMIFS($L$22:$L5225,$C$22:$C5225,C130))) | N130: =IF(T130=TRUE,"ENVIADO",IF(ISBLANK(C130),"",IF((AND(M130<=0)),$K$9,IF(AND(M130>0,M130<=10),$O$9,$M$9)))) | P130: =IF(ISBLANK(C130),"",L130*O130) | Q130: =IF(ISBLANK(C130),"",SUMIFS($P$22:$P5228,$C$22:$C5228,C130)-SUMIFS('LISTA DE INVENTARIO'!$N$22:$N4955,'LISTA DE INVENTARIO'!$C$22:$C4955,C130)) | T130: FALSE
B131: 110 | M131: =IF(ISBLANK(C131),"",IF('LISTA DE INVENTARIO'!$Q$22:$Q4954='LISTA DE INVENTARIO'!$O$9,SUMIFS('LISTA DE INVENTARIO'!$K$22:$K4954,'LISTA DE INVENTARIO'!$C$22:$C4954,C131,'LISTA DE INVENTARIO'!$Q$22:$Q4954,'LISTA DE INVENTARIO'!$O$9)-SUMIFS($L$22:$L5226,$C$22:$C5226,C131),SUMIFS('LISTA DE INVENTARIO'!$K$22:$K4954,'LISTA DE INVENTARIO'!$C$22:$C4954,C131,'LISTA DE INVENTARIO'!$Q$22:$Q4954,'LISTA DE INVENTARIO'!$O$9)-SUMIFS($L$22:$L5226,$C$22:$C5226,C131))) | N131: =IF(T131=TRUE,"ENVIADO",IF(ISBLANK(C131),"",IF((AND(M131<=0)),$K$9,IF(AND(M131>0,M131<=10),$O$9,$M$9)))) | P131: =IF(ISBLANK(C131),"",L131*O131) | Q131: =IF(ISBLANK(C131),"",SUMIFS($P$22:$P5229,$C$22:$C5229,C131)-SUMIFS('LISTA DE INVENTARIO'!$N$22:$N4956,'LISTA DE INVENTARIO'!$C$22:$C4956,C131)) | T131: FALSE
B132: 111 | M132: =IF(ISBLANK(C132),"",IF('LISTA DE INVENTARIO'!$Q$22:$Q4955='LISTA DE INVENTARIO'!$O$9,SUMIFS('LISTA DE INVENTARIO'!$K$22:$K4955,'LISTA DE INVENTARIO'!$C$22:$C4955,C132,'LISTA DE INVENTARIO'!$Q$22:$Q4955,'LISTA DE INVENTARIO'!$O$9)-SUMIFS($L$22:$L5227,$C$22:$C5227,C132),SUMIFS('LISTA DE INVENTARIO'!$K$22:$K4955,'LISTA DE INVENTARIO'!$C$22:$C4955,C132,'LISTA DE INVENTARIO'!$Q$22:$Q4955,'LISTA DE INVENTARIO'!$O$9)-SUMIFS($L$22:$L5227,$C$22:$C5227,C132))) | N132: =IF(T132=TRUE,"ENVIADO",IF(ISBLANK(C132),"",IF((AND(M132<=0)),$K$9,IF(AND(M132>0,M132<=10),$O$9,$M$9)))) | P132: =IF(ISBLANK(C132),"",L132*O132) | Q132: =IF(ISBLANK(C132),"",SUMIFS($P$22:$P5230,$C$22:$C5230,C132)-SUMIFS('LISTA DE INVENTARIO'!$N$22:$N4957,'LISTA DE INVENTARIO'!$C$22:$C4957,C132)) | T132: FALSE
... B321: 300 | M321: =IF(ISBLANK(C321),"",IF('LISTA DE INVENTARIO'!$Q$22:$Q5144='LISTA DE INVENTARIO'!$O$9,SUMIFS('LISTA DE INVENTARIO'!$K$22:$K5144,'LISTA DE INVENTARIO'!$C$22:$C5144,C321,'LISTA DE INVENTARIO'!$Q$22:$Q5144,'LISTA DE INVENTARIO'!$O$9)-SUMIFS($L$22:$L5416,$C$22:$C5416,C321),SUMIFS('LISTA DE INVENTARIO'!$K$22:$K5144,'LISTA DE INVENTARIO'!$C$22:$C5144,C321,'LISTA DE INVENTARIO'!$Q$22:$Q5144,'LISTA DE INVENTARIO'!$O$9)-SUMIFS($L$22:$L5416,$C$22:$C5416,C321))) | N321: =IF(T321=TRUE,"ENVIADO",IF(ISBLANK(C321),"",IF((AND(M321<=0)),$K$9,IF(AND(M321>0,M321<=10),$O$9,$M$9)))) | P321: =IF(ISBLANK(C321),"",L321*O321) | Q321: =IF(ISBLANK(C321),"",SUMIFS($P$22:$P5419,$C$22:$C5419,C321)-SUMIFS('LISTA DE INVENTARIO'!$N$22:$N5146,'LISTA DE INVENTARIO'!$C$22:$C5146,C321)) | T321: FALSE
T1551: TRUE
T1577: TRUE
T2414: TRUE
T3220: TRUE
T27988: TRUE

Sheet RESUMEN
B2: RESUMEN DE INVENTARIO
B3: Esta sección es un resumen de tu inventario no se debe modificar nada.
B6: # | C6: DESCRIPCIÓN DEL ITEM | D6: # ITEMS PENDIENTES | E6: =SUM(D7:D20) -> 3 | F6: # ITEMS ENVIADOS
B7: 1 | C7: =Config!E11 -> ROPA | D7: =COUNTIFS('SEGUIMIENTO DE INVENTARIO'!$K$22:$K$122,$C7)-COUNTIFS('SEGUIMIENTO DE INVENTARIO'!$T$22:$T$122,TRUE(),'SEGUIMIENTO DE INVENTARIO'!$K$22:$K$122,$C7) -> 2 | E7: =D7/$E$6 -> 0.66666667 | F7: =COUNTIFS('SEGUIMIENTO DE INVENTARIO'!$K$22:$K$122,$C7)-COUNTIFS('SEGUIMIENTO DE INVENTARIO'!$T$22:$T$122,FALSE(),'SEGUIMIENTO DE INVENTARIO'!$K$22:$K$122,$C7) -> 5
B8: 2 | C8: =Config!E12 -> ZAPATOS | D8: =COUNTIFS('SEGUIMIENTO DE INVENTARIO'!$K$22:$K$122,$C8)-COUNTIFS('SEGUIMIENTO DE INVENTARIO'!$T$22:$T$122,TRUE(),'SEGUIMIENTO DE INVENTARIO'!$K$22:$K$122,$C8) -> 0 | E8: =D8/$E$6 -> 0 | F8: =COUNTIFS('SEGUIMIENTO DE INVENTARIO'!$K$22:$K$122,$C8)-COUNTIFS('SEGUIMIENTO DE INVENTARIO'!$T$22:$T$122,FALSE(),'SEGUIMIENTO DE INVENTARIO'!$K$22:$K$122,$C8) -> 1
B9: 3 | C9: =Config!E13 -> ACCESORIOS | D9: =COUNTIFS('SEGUIMIENTO DE INVENTARIO'!$K$22:$K$122,$C9)-COUNTIFS('SEGUIMIENTO DE INVENTARIO'!$T$22:$T$122,TRUE(),'SEGUIMIENTO DE INVENTARIO'!$K$22:$K$122,$C9) -> 1 | E9: =D9/$E$6 -> 0.33333333 | F9: =COUNTIFS('SEGUIMIENTO DE INVENTARIO'!$K$22:$K$122,$C9)-COUNTIFS('SEGUIMIENTO DE INVENTARIO'!$T$22:$T$122,FALSE(),'SEGUIMIENTO DE INVENTARIO'!$K$22:$K$122,$C9) -> 1
B10: 4 | C10: =Config!E14 -> BELLEZA | D10: =COUNTIFS('SEGUIMIENTO DE INVENTARIO'!$K$22:$K$122,$C10)-COUNTIFS('SEGUIMIENTO DE INVENTARIO'!$T$22:$T$122,TRUE(),'SEGUIMIENTO DE INVENTARIO'!$K$22:$K$122,$C10) -> 0 | E10: =D10/$E$6 -> 0 | F10: =COUNTIFS('SEGUIMIENTO DE INVENTARIO'!$K$22:$K$122,$C10)-COUNTIFS('SEGUIMIENTO DE INVENTARIO'!$T$22:$T$122,FALSE(),'SEGUIMIENTO DE INVENTARIO'!$K$22:$K$122,$C10) -> 1
B11: 5 | C11: =Config!E15 -> TÉCNICA | D11: =COUNTIFS('SEGUIMIENTO DE INVENTARIO'!$K$22:$K$122,$C11)-COUNTIFS('SEGUIMIENTO DE INVENTARIO'!$T$22:$T$122,TRUE(),'SEGUIMIENTO DE INVENTARIO'!$K$22:$K$122,$C11) -> 0 | E11: =D11/$E$6 -> 0 | F11: =COUNTIFS('SEGUIMIENTO DE INVENTARIO'!$K$22:$K$122,$C11)-COUNTIFS('SEGUIMIENTO DE INVENTARIO'!$T$22:$T$122,FALSE(),'SEGUIMIENTO DE INVENTARIO'!$K$22:$K$122,$C11) -> 0
B12: 6 | C12: =Config!E16 -> OTROS | D12: =COUNTIFS('SEGUIMIENTO DE INVENTARIO'!$K$22:$K$122,$C12)-COUNTIFS('SEGUIMIENTO DE INVENTARIO'!$T$22:$T$122,TRUE(),'SEGUIMIENTO DE INVENTARIO'!$K$22:$K$122,$C12) -> 0 | E12: =D12/$E$6 -> 0 | F12: =COUNTIFS('SEGUIMIENTO DE INVENTARIO'!$K$22:$K$122,$C12)-COUNTIFS('SEGUIMIENTO DE INVENTARIO'!$T$22:$T$122,FALSE(),'SEGUIMIENTO DE INVENTARIO'!$K$22:$K$122,$C12) -> 1
B13: 7 | C13: =Config!E17 -> EXTRA 1 | D13: =COUNTIFS('SEGUIMIENTO DE INVENTARIO'!$K$22:$K$122,$C13)-COUNTIFS('SEGUIMIENTO DE INVENTARIO'!$T$22:$T$122,TRUE(),'SEGUIMIENTO DE INVENTARIO'!$K$22:$K$122,$C13) -> 0 | E13: =D13/$E$6 -> 0 | F13: =COUNTIFS('SEGUIMIENTO DE INVENTARIO'!$K$22:$K$122,$C13)-COUNTIFS('SEGUIMIENTO DE INVENTARIO'!$T$22:$T$122,FALSE(),'SEGUIMIENTO DE INVENTARIO'!$K$22:$K$122,$C13) -> 0
B14: 8 | C14: =Config!E18 -> EXTRA 2 | D14: =COUNTIFS('SEGUIMIENTO DE INVENTARIO'!$K$22:$K$122,$C14)-COUNTIFS('SEGUIMIENTO DE INVENTARIO'!$T$22:$T$122,TRUE(),'SEGUIMIENTO DE INVENTARIO'!$K$22:$K$122,$C14) -> 0 | E14: =D14/$E$6 -> 0 | F14: =COUNTIFS('SEGUIMIENTO DE INVENTARIO'!$K$22:$K$122,$C14)-COUNTIFS('SEGUIMIENTO DE INVENTARIO'!$T$22:$T$122,FALSE(),'SEGUIMIENTO DE INVENTARIO'!$K$22:$K$122,$C14) -> 0
B15: 9 | C15: =Config!E19 -> EXTRA 3 | D15: =COUNTIFS('SEGUIMIENTO DE INVENTARIO'!$K$22:$K$122,$C15)-COUNTIFS('SEGUIMIENTO DE INVENTARIO'!$T$22:$T$122,TRUE(),'SEGUIMIENTO DE INVENTARIO'!$K$22:$K$122,$C15) -> 0 | E15: =D15/$E$6 -> 0 | F15: =COUNTIFS('SEGUIMIENTO DE INVENTARIO'!$K$22:$K$122,$C15)-COUNTIFS('SEGUIMIENTO DE INVENTARIO'!$T$22:$T$122,FALSE(),'SEGUIMIENTO DE INVENTARIO'!$K$22:$K$122,$C15) -> 0
B16: 10 | C16: =Config!E20 -> EXTRA 4 | D16: =COUNTIFS('SEGUIMIENTO DE INVENTARIO'!$K$22:$K$122,$C16)-COUNTIFS('SEGUIMIENTO DE INVENTARIO'!$T$22:$T$122,TRUE(),'SEGUIMIENTO DE INVENTARIO'!$K$22:$K$122,$C16) -> 0 | E16: =D16/$E$6 -> 0 | F16: =COUNTIFS('SEGUIMIENTO DE INVENTARIO'!$K$22:$K$122,$C16)-COUNTIFS('SEGUIMIENTO DE INVENTARIO'!$T$22:$T$122,FALSE(),'SEGUIMIENTO DE INVENTARIO'!$K$22:$K$122,$C16) -> 0
B17: 11 | C17: =Config!E21 -> EXTRA 5 | D17: =COUNTIFS('SEGUIMIENTO DE INVENTARIO'!$K$22:$K$122,$C17)-COUNTIFS('SEGUIMIENTO DE INVENTARIO'!$T$22:$T$122,TRUE(),'SEGUIMIENTO DE INVENTARIO'!$K$22:$K$122,$C17) -> 0 | E17: =D17/$E$6 -> 0 | F17: =COUNTIFS('SEGUIMIENTO DE INVENTARIO'!$K$22:$K$122,$C17)-COUNTIFS('SEGUIMIENTO DE INVENTARIO'!$T$22:$T$122,FALSE(),'SEGUIMIENTO DE INVENTARIO'!$K$22:$K$122,$C17) -> 0
B18: 12 | C18: =Config!E22 -> EXTRA 6 | D18: =COUNTIFS('SEGUIMIENTO DE INVENTARIO'!$K$22:$K$122,$C18)-COUNTIFS('SEGUIMIENTO DE INVENTARIO'!$T$22:$T$122,TRUE(),'SEGUIMIENTO DE INVENTARIO'!$K$22:$K$122,$C18) -> 0 | E18: =D18/$E$6 -> 0 | F18: =COUNTIFS('SEGUIMIENTO DE INVENTARIO'!$K$22:$K$122,$C18)-COUNTIFS('SEGUIMIENTO DE INVENTARIO'!$T$22:$T$122,FALSE(),'SEGUIMIENTO DE INVENTARIO'!$K$22:$K$122,$C18) -> 0
... B20: 14 | C20: =Config!E24 -> EXTRA 8 | D20: =COUNTIFS('SEGUIMIENTO DE INVENTARIO'!$K$22:$K$122,$C20)-COUNTIFS('SEGUIMIENTO DE INVENTARIO'!$T$22:$T$122,TRUE(),'SEGUIMIENTO DE INVENTARIO'!$K$22:$K$122,$C20) -> 0 | E20: =D20/$E$6 -> 0 | F20: =COUNTIFS('SEGUIMIENTO DE INVENTARIO'!$K$22:$K$122,$C20)-COUNTIFS('SEGUIMIENTO DE INVENTARIO'!$T$22:$T$122,FALSE(),'SEGUIMIENTO DE INVENTARIO'!$K$22:$K$122,$C20) -> 0
